 Dungeon Crawl Stone Soup version 0.31-a0-175-g9f7f995f2b (webtiles) character file.

Game seed: 4376024491892424075

522082 qw the Slayer (level 25, -3/161 HPs)
             Began as a Gargoyle Fighter on June 16, 2023.
             Was an Elder of Okawaru.
             Slain by a green draconian monk (8 damage)
             ... on level 3 of the Realm of Zot.
             The game lasted 00:31:43 (53639 turns).

qw the Slayer (Gargoyle Fighter)                   Turns: 53639, Time: 00:31:44

Health: -3/161     AC: 65    Str: 40    XL:     25   Next: 32%
Magic:  29/30      EV: 18    Int:  7    God:    Okawaru [****..]
Gold:   1127       SH: 25    Dex:  9    Spells: 24/24 levels left

rFire   + . .        p - +9 broad axe (spect)
rCold   + + +        a - +2 tower shield {rF+}
rNeg    + . .        Q - +7 plate armour "Duydyth" {rC+ Will+ Int-3}
rPois   inf          J - +0 hat of the Eternal Void {rC+++ Will+ Str+3}
rElec   +            o - +2 cloak {rCorr}
rCorr   +            x - +3 pair of gauntlets of War {Slay+5}
SInv    .            A - +3 pair of boots "Xidwaufu" {rPois rCorr}
Will    +++..        C - amulet of faith Stlth
                     w - +5 ring of evasion
HPRegen 0.46/turn    v - +6 ring of strength
MPRegen 0.22/turn

%: faith
@: about to teleport, heroic, flying
A: sickness immunity, AC +19, big wings, negative energy resistance 1,
electricity resistance, torment resistance 1, petrification resistance, hooves
1, iridescent scales 1, frail 1
}: 3/15 runes: decaying, silver, gossamer
a: Renounce Religion, Heroism, Finesse


You were on level 3 of the Realm of Zot.
You worshipped Okawaru.
Okawaru was greatly pleased with you.
You visited 9 branches of the dungeon, and saw 43 of its levels.
You visited 1 bazaar.
You also visited: Wizlab.

You collected 5378 gold pieces.
You spent 4251 gold pieces at shops.


Innate Abilities, Weirdness & Mutations

You are immune to sickness and miasma.
Your stone body is resilient. (AC +19)
You are immune to poison.
Your large and strong wings let you fly.
You resist negative energy. (rN+)
You are resistant to electric shocks. (rElec)
You are resistant to unholy torment.
You are immune to petrification.
You have large cloven feet.
You are partially covered in iridescent scales. (AC +2)
You are frail. (-10% HP)


   Skills:
 + Level 24.2(27) Fighting
 - Level 18.0(23.0) Axes
 - Level 14.0(19.0) Throwing
 - Level 22.0(27) Armour
 - Level 8.1(13.1) Dodging
 - Level 22.0(27) Shields
 - Level 10.0 Invocations


You had 24 spell levels left.
You didn't know any spells.
Your spell library was empty.

Inventory:

Hand Weapons
 p - a +9 spectral broad axe (weapon)
Missiles
 B - 23 boomerangs
 F - a silver boomerang
 G - 3 silver javelins (quivered)
 I - 11 javelins
 M - 2 boomerangs of dispersal
Armour
 a - a +2 tower shield of fire resistance (worn)
 i - a +2 helmet
 o - a +2 cloak of preservation (worn)
 q - the +2 scale mail of Qadiuth {rPois Will+ rCorr}
   (Okawaru gifted it to you on level 5 of the Lair of Beasts)

   rPois:     It protects you from poison.
   rCorr:     It protects you from acid and corrosion.
   Will:      It increases your willpower.
 x - the +3 pair of gauntlets of War (worn) {Slay+5}
   (Okawaru gifted it to you on level 2 of the Orcish Mines)

   Slay:      It affects your accuracy & damage with ranged weapons and melee
   (+5).
 A - the +3 pair of boots "Xidwaufu" (worn) {rPois rCorr}
   (Okawaru gifted it to you on level 2 of the Vaults)

   rPois:     It protects you from poison.
   rCorr:     It protects you from acid and corrosion.
 E - the +10 chain mail "Cumpoxtayf" {-Tele rPois rC+++ Will-}
   (You bought it in a shop in a bazaar)

   rC:        It renders you almost immune to cold.
   rPois:     It protects you from poison.
   -Tele:     It prevents most forms of teleportation.
   Will:      It decreases your willpower.
 J - the +0 hat of the Eternal Void (worn) {rC+++ Will+ Str+3}
   (You found it on level 4 of the Spider Nest)

   Str:       It affects your strength (+3).
   rC:        It renders you almost immune to cold.
   Will:      It increases your willpower.
 K - +0 gold dragon scales
 N - the scarf of the New World {shadows, rC+}
   (Okawaru gifted it to you on level 5 of the Vaults)

   rC:        It protects you from cold.
 Q - the +7 plate armour "Duydyth" (worn) {rC+ Will+ Int-3}
   (You found it on level 5 of the Vaults)

   Int:       It affects your intelligence (-3).
   rC:        It protects you from cold.
   Will:      It increases your willpower.
Jewellery
 e - an amulet of reflection
 n - a ring of fire
 u - the ring "Pewynk" {rC+ rN+}
   (You found it on level 10 of the Dungeon)

   [ring of protection from cold]

   rC:        It protects you from cold.
   rN:        It protects you from negative energy.
 v - a +6 ring of strength (right hand)
 w - a +5 ring of evasion (left hand)
 y - a ring of protection from cold
 C - an amulet of faith (around neck)
 D - a ring of fire
Wands
 h - a wand of digging (24)
Scrolls
 k - a scroll of brand weapon
 m - 4 scrolls of teleportation
 r - 16 scrolls of identify
 L - 5 scrolls of enchant weapon
Potions
 c - 3 potions of cancellation
 d - 13 potions of might
 f - a potion of resistance
 j - 7 potions of haste
 l - 20 potions of curing
 s - 10 potions of lignification
 t - 5 potions of magic
 z - 6 potions of attraction

Dungeon Overview and Level Annotations

Branches:
Dungeon (15/15)            Temple (1/1) D:5            Lair (5/5) D:11
  Swamp (4/4) Lair:3       Spider (4/4) Lair:2        Slime (0/5) Lair:5
    Orc (2/2) D:11            Elf (0/3) Orc:2        Vaults (5/5) D:14
  Crypt (0/3) Vaults:2     Depths (4/4) D:15            Zot (3/5) Depths:4
 WizLab (visited)

Altars:
Ashenzari
Cheibriados
Dithmenos
Elyvilon
Fedhas
Gozag
Hepliaklqana
Kikubaaqudgha
Makhleb
Nemelex Xobeh
Okawaru
Qazlal
Ru
Sif Muna
Trog
Uskayaw
Vehumet
Wu Jian
Xom
Yredelemnul
Zin
The Shining One
Jiyva

Shops:
D:4 *!   D:5 [   Orc:2 (=!:   Vaults:1 [   Vaults:3 =   Vaults:4 ?
Depths:1 **

Portals:
Hell: Depths:1 Depths:2 Depths:3 Depths:4
Abyss: Depths:1 Depths:3 Depths:4
Pandemonium: Depths:2 Depths:3
Ziggurat: Depths:2
Trove: Depths:4 (give 2 scrolls of acquirement)

Annotations:
D:2 1 runed translucent door, Crazy Yiuf
D:12 4 runed translucent doors, qw's ghost, journeyman GrFi
Swamp:3 3 runed translucent doors, qw's ghost, adept GrFi
Spider:4 3 runed translucent doors, qw's ghost, adept GrFi
Vaults:4 1 transporter


Message History

You block the purple draconian shifter's attack.
The yellow draconian is engulfed in poison gas.
The yellow draconian looks even sicker.
The yellow draconian spits acid at you.
The glob of acid hits you but does no damage.
You chop the purple draconian shifter into pieces!!!
The purple draconian shifter is heavily wounded.
Your +9 spectral broad axe barely misses the purple draconian shifter.
You block the purple draconian shifter's attack.
The yellow draconian is engulfed in poison gas.
The yellow draconian looks as sick as possible!
You slice the purple draconian shifter!!
The purple draconian shifter is almost dead.
Your +9 spectral broad axe hits the purple draconian shifter!!
You kill the purple draconian shifter!
Okawaru accepts your kill.
Your +9 spectral broad axe hits the purple draconian shifter!
Your +9 spectral broad axe disappears.
The green draconian monk breathes poison at you.
The blast of poison engulfs you but does no damage.
You resist.
The purple draconian shifter breathes dispelling energy at you.
The bolt of dispelling energy misses you.
You slash the green draconian monk!
The green draconian monk is moderately wounded.
Your +9 spectral broad axe misses the green draconian monk.
You block the green draconian monk's attack.
The green draconian monk kicks you!
The green draconian monk tail-slaps you but does no damage.
You block the green draconian monk's attack.
You slash the green draconian monk!
The green draconian monk is moderately wounded.
You completely miss the yellow draconian.
Your +9 spectral broad axe closely misses the green draconian monk.
Your +9 spectral broad axe hits the yellow draconian!
Your +9 spectral broad axe hits the purple draconian shifter!
You block the green draconian monk's attack. x2
The green draconian monk tail-slaps you but does no damage.
The green draconian monk tail-slaps you!
You die...

..}# ## # # #...#
.# .## .. #..^.
=#).#.#.#. #...#
##.#......#
#....##...#......
#.....0.0.#.
#.00q0)...#
#.0@ยค......#
##0(d.......#
##q).....!..#
##..........#
##..........
###........ #...
##.


You could see a green draconian monk, a yellow draconian (extremely poisoned,
catching breath), a purple draconian shifter (catching breath) and a friendly +9
spectral broad axe.

Vanquished Creatures
  3 dread liches (Vaults:5)
  An orb of fire (Zot:2)
  A juggernaut (Depths:2)
  2 Killer Klowns
  3 curse toes (Zot:1)
  Margery (Vaults:2)
  A Head Instructor (WizLab)
  11 caustic shrikes
  8 golden dragons
  Nikola (Swamp:3)
  Arachne (Spider:2)
  17 tentacled monstrosities
  Mlioglotl (Swamp:3)
  2 liches
  Asterion (Spider:4)
  A walking frostbound tome (Depths:4)
  4 titans
  6 quicksilver dragons
  5 sphinxes
  4 death cobs
  Kirke (Spider:4)
  Gastronok (Lair:1)
  4 draconian monks
  6 tengu reavers
  A shadow dragon (shapeshifter) (Vaults:5)
  Roxanne (Swamp:3)
  A storm dragon (shapeshifter) (Vaults:5)
  15 storm dragons
  5 shadow dragons
  8 fire giants
  A fenstrider witch (Swamp:4)
  11 frost giants
  11 draconian knights
  An iron dragon (Vaults:5)
  3 draconian scorchers
  3 emperor scorpions (Spider:4)
  4 ghost moths
  17 vault wardens
  Louise (Spider:2)
  3 draconian stormcallers
  8 draconian shifters
  5 draconian annihilators
  16 ironbound preservers
  2 formless jellyfish
  3 orc warlords
  5 war gargoyles
  7 ironbound thunderhulks
  A broodmother (Spider:3)
  16 stone giants
  32 very ugly things
  5 vampire knights
  5 green draconians
  3 eleionomae
  2 deep elf demonologists
  5 black draconians
  25 dire elephants
  3 bunyips (Swamp:4)
  9 yellow draconians
  7 spark wasps
  7 red draconians
  6 purple draconians
  6 white draconians
  3 deep elf death magi (Vaults:5)
  3 jiangshi (Depths:1)
  12 ettins
  A shambling mangrove (Swamp:2)
  2 merfolk javelineers
  2 merfolk impalers
  8 fire dragons
  9 great orbs of eyes
  11 yaktaur captains
  4 entropy weavers
  3 peacekeepers
  35 vault guards
  A jorogumo (shapeshifter) (Vaults:5)
  5 hydras
  8 ironbound frosthearts
  6 spriggan air magi
  4 rakshasas
  16 centaur warriors
  9 ice dragons
  2 jorogumos
  A radroach (Spider:4)
  2 ghost crabs
  8 boulder beetles
  9 ogre magi
  An alligator (shapeshifter) (Depths:2)
  7 alligators
  A radroach (shapeshifter) (Vaults:5)
  13 two-headed ogres
  8 deep troll shamans
  3 death yaks (Lair:5)
  2 tengu warriors
  9 deep troll earth magi
  2 vampire magi
  9 demonic crawlers
  An orc high priest (Orc:2)
  9 hell knights
  A deep elf knight (D:14)
  7 spriggan berserkers
  A skyshark (Lair:3)
  A salamander mystic (WizLab)
  2 sun moths (Spider:4)
  51 deep trolls
  4 swamp dragons
  16 iron trolls
  A spark wasp zombie (D:15)
  A spectral anaconda (Lair:5)
  5 spriggan druids
  7 skeletal warriors
  7 orb spiders
  5 goliath frogs
  12 wizards
  5 bog bodies
  5 steelbarb worms
  2 deep elf pyromancers
  A deep elf archer (D:14)
  A tengu skeleton (D:15)
  An obsidian statue (Lair:5)
  Pikel (D:4)
  4 glowing orange brains
  8 harpies
  15 ironbound convokers
  3 lindwurms (Vaults:1)
  7 orc knights
  6 mana vipers (WizLab)
  11 necromancers
  38 ugly things
  A frost giant zombie (D:15)
  4 phantasmal warriors
  3 manticores
  16 wolf spiders
  19 moths of wrath
  2 orc sorcerers (Orc:1)
  3 cyclopes
  A faun (shapeshifter) (Vaults:5)
  A fire giant zombie (Vaults:1)
  3 will-o-the-wisps
  34 elephants
  Joseph (D:9)
  4 black mambas
  A naga mage (WizLab)
  Maurice (D:10)
  14 vault sentinels
  A fire giant skeleton (Vaults:4)
  8 apocalypse crabs (Zot:1)
  5 torpor snails
  10 cane toads
  A gargoyle (D:13)
  A stone giant skeleton (D:15)
  A dire elephant skeleton (Lair:5)
  A yaktaur (Vaults:3)
  6 komodo dragons
  5 freezing wraiths
  A kobold demonologist (D:12)
  A yaktaur (shapeshifter) (D:15)
  7 rime drakes
  3 tengu conjurers
  2 ice devils (Orc:2)
  An elf skeleton (Vaults:1)
  A yaktaur skeleton (Vaults:4)
  4 polar bears
  3 meliai (Spider:2)
  2 burning bushes (Lair:3)
  14 trolls
  3 tyrant leeches
  2 bloated husks
  16 hornets
  23 tarantellas
  Prince Ribbit (D:6)
  4 blink frogs (Lair:2)
  30 jumping spiders
  43 slime creatures
  4 wyverns
  12 spriggans
  49 yaks
  19 culicivoras
  19 water elementals
  A wraith (D:13)
  3 hogs (Spider:4)
  4 humans
  3 swamp worm simulacra (Swamp:4)
  Grum (Lair:1)
  51 redbacks
  6 basilisks
  12 vampire mosquitoes
  2 steam dragons
  Menkaure (D:7)
  A death yak simulacrum (Lair:5)
  4 wargs
  Edmund (D:4)
  13 swamp worms
  14 hydra simulacra (Swamp:4)
  A glowing shapeshifter skeleton (Vaults:4)
  12 water moccasins
  A floating eye (shapeshifter) (Vaults:5)
  16 orc warriors
  3 ice beasts
  A sky beast (D:7)
  A swamp drake (Swamp:2)
  7 black bears
  26 ogres
  15 centaurs
  15 wolves
  2 phantoms
  4 lemures (D:4)
  5 kobold brigands
  An elephant skeleton (Lair:5)
  14 bullfrogs
  13 human skeletons
  2 scorpions
  An elephant simulacrum (Lair:5)
  9 killer bees
  7 howler monkeys
  An electric eel (Spider:4)
  4 hounds
  3 gnoll boudas
  16 orc priests
  Ijyb (D:3)
  3 jellies
  3 iguanas
  7 hell rats (Lair:2)
  20 orc wizards
  2 sleepcaps
  15 gnolls
  6 adders
  A river rat (D:3)
  A howler monkey simulacrum (D:10)
  5 swamp drake simulacra (Swamp:4)
  2 ufetubi
  A worm (D:2)
  4 dart slugs
  64 orcs
  4 ball pythons
  7 bats
  7 endoplasms
  3 giant cockroaches
  4 goblins
  9 hobgoblins
  4 quokkas
  3 frilled lizards
  14 kobolds
  2 rats
  2 spectral weapons
1710 creatures vanquished.

Vanquished Creatures (others)
  A thorn hunter (Swamp:4)
  A draconian knight (Zot:3)
  Nessos (D:14)
  An alligator (Swamp:4)
  An ugly thing (Vaults:1)
  A hornet (Swamp:4)
  A spriggan (Swamp:4)
  A kobold (D:9)
  13 foxfires
  74 spectral weapons
95 creatures vanquished.

Grand Total: 1805 creatures vanquished

Notes
Turn   | Place    | Note
-------+----------+-------------------------------------------
     0 | D:1      | qw the Gargoyle Fighter began the quest for the Orb.
     0 | D:1      | Reached XP level 1. HP: 14/14 MP: 1/1
     0 | D:1      | 0 ||| qw: Version: 0.2-a-29-g511e9b1
     0 | D:1      | 0 ||| qw: Game counter: 5917
     0 | D:1      | 0 ||| qw: Always use a shield: true
     0 | D:1      | 0 ||| qw: God list: Okawaru
     0 | D:1      | 0 ||| qw: Allow faded altars: false
     0 | D:1      | 0 ||| qw: Do Orc after D:15 true
     0 | D:1      | 0 ||| qw: Do second Lair branch before Depths: true
     0 | D:1      | 0 ||| qw: Lair rune preference: random
     0 | D:1      | 0 ||| qw: Plans: Normal, Zot:1-4, Slime:5, God:TSO, Crypt,
                  | Tomb, Abyss, Pan, Hells, Win
     0 | D:1      | 0 ||| PLANNING D:1-11
   161 | D:1      | Reached XP level 2. HP: 19/19 MP: 2/2
   383 | D:1      | 383 ||| DROPPING +0 club.
   783 | D:1      | 783 ||| UPGRADING to +2 helmet.
   788 | D:1      | 788 ||| UPGRADING to amulet of reflection.
   793 | D:1      | 793 ||| READING scroll labelled TIUKAG UPIWN.
   794 | D:1      | 794 ||| READING scroll labelled DASCHU TOCKOES.
   884 | D:2      | Reached skill level 3 in Axes
   889 | D:2      | Reached XP level 3. HP: 22/23 MP: 3/3
  1230 | D:2      | Reached XP level 4. HP: 28/28 MP: 4/4
  1278 | D:2      | 1278 ||| Stepping ~*~*~tactically~*~*~ (hiding).
  1329 | D:2      | Found a runed translucent door.
  1330 | D:2      | Noticed Crazy Yiuf
  1541 | D:2      | 1541 ||| Stepping ~*~*~tactically~*~*~ (stealth).
  1667 | D:2      | 1667 ||| DROPPING ring of magical power.
  1668 | D:2      | 1668 ||| READING scroll labelled ZAT UROAHO.
  1695 | D:3      | 1695 ||| PLANNING SEWER
  1734 | D:3      | 1734 ||| Stepping ~*~*~tactically~*~*~ (stealth).
  1775 | D:3      | 1775 ||| Stepping ~*~*~tactically~*~*~ (hiding).
  1776 | D:3      | 1776 ||| Stepping ~*~*~tactically~*~*~ (hiding).
  1778 | D:3      | 1778 ||| Stepping ~*~*~tactically~*~*~ (hiding).
  1779 | D:3      | 1779 ||| Stepping ~*~*~tactically~*~*~ (hiding).
  1872 | D:3      | 1872 ||| Stepping ~*~*~tactically~*~*~ (stealth).
  1886 | D:3      | Found a burning altar of Makhleb.
  2115 | D:3      | Noticed a kobold brigand
  2128 | D:3      | Killed a kobold brigand
  2129 | D:3      | Reached XP level 5. HP: 22/32 MP: 5/5
  2308 | D:3      | 2308 ||| RIP SEWER
  2316 | D:3      | 2316 ||| PLANNING D:1-11
  2350 | D:3      | Reached skill level 1 in Throwing
  2372 | D:3      | 2372 ||| Stepping ~*~*~tactically~*~*~ (stealth).
  2373 | D:3      | 2373 ||| Stepping ~*~*~tactically~*~*~ (stealth).
  2374 | D:3      | 2374 ||| Stepping ~*~*~tactically~*~*~ (stealth).
  2375 | D:3      | 2375 ||| Stepping ~*~*~tactically~*~*~ (stealth).
  2398 | D:3      | Noticed Ijyb
  2399 | D:3      | 2399 ||| Stepping ~*~*~tactically~*~*~ (hiding).
  2413 | D:3      | Killed Ijyb
  2528 | D:3      | Reached XP level 6. HP: 38/38 MP: 6/6
  2538 | D:3      | You fall into a shaft and drop 3 floors!
  2555 | D:6      | 2555 ||| DROPPING +2 whip of draining.
  2556 | D:6      | 2556 ||| DROPPING +0 whip.
  2572 | D:6      | Noticed an ice beast
  2578 | D:6      | Killed an ice beast
  2579 | D:6      | Reached skill level 4 in Fighting
  2590 | D:6      | Noticed a black bear
  2595 | D:6      | Killed a black bear
  2596 | D:6      | Reached skill level 1 in Dodging
  2658 | D:6      | Found an opulent altar of Gozag.
  2703 | D:6      | Reached XP level 7. HP: 42/44 MP: 7/7
  2712 | D:6      | Found a glowing silver altar of Zin.
  2729 | D:6      | 2729 ||| UPGRADING to +4 ring of slaying {mikee}.
  2730 | D:6      | 2730 ||| READING 2 scrolls labelled HEMULA ZY TEUX.
  2731 | D:6      | 2731 ||| DRINKING 2 fizzy purple potions.
  2732 | D:6      | 2732 ||| DROPPING scroll of revelation.
  2741 | D:5      | Entered Level 5 of the Dungeon
  2742 | D:5      | 2742 ||| FLEEEEING.
  2743 | D:5      | 2743 ||| STAIRDANCE
  2900 | D:4      | Noticed Edmund
  2912 | D:4      | Killed Edmund
  2913 | D:4      | Reached skill level 6 in Axes
  3339 | D:4      | Found a radiant altar of Vehumet.
  3392 | D:4      | Found Fuecsounnu's Distillery.
  3400 | D:4      | 3400 ||| BUYING potion of curing (39 gold).
  3400 | D:4      | Bought a potion of curing for 39 gold pieces
  3400 | D:4      | 3400 ||| BUYING potion of lignification (39 gold).
  3400 | D:4      | Bought a potion of lignification for 39 gold pieces
  3400 | D:4      | 3400 ||| BUYING potion of magic (104 gold).
  3400 | D:4      | Bought a potion of magic for 104 gold pieces
  3400 | D:4      | 3400 ||| SHOPLISTING potion of might (52 gold, have 11).
  3400 | D:4      | 3400 ||| SHOPLISTING potion of mutation (104 gold, have
                  | 11).
  3404 | D:4      | Found a basalt altar of Yredelemnul.
  3436 | D:4      | Found Bifreom's General Store.
  3445 | D:4      | 3445 ||| SHOPLISTING +0 buckler of protection (149 gold,
                  | have 11).
  3445 | D:4      | 3445 ||| SHOPLISTING +2 ring mail of cold resistance (273
                  | gold, have 11).
  3445 | D:4      | 3445 ||| SHOPLISTING scroll of brand weapon (123 gold, have
                  | 11).
  3489 | D:4      | 3489 ||| Stepping ~*~*~tactically~*~*~ (stealth).
  3492 | D:4      | 3492 ||| Stepping ~*~*~tactically~*~*~ (stealth).
  3516 | D:4      | Noticed Pikel
  3517 | D:4      | 3517 ||| Stepping ~*~*~tactically~*~*~ (stealth).
  3548 | D:4      | Killed Pikel
  3549 | D:4      | Reached XP level 8. HP: 29/48 MP: 8/8
  3700 | D:4      | Found a white marble altar of Elyvilon.
  3730 | D:4      | Reached skill level 5 in Fighting
  4056 | D:4      | 4056 ||| UPGRADING to +6 ring of dexterity.
  4057 | D:4      | 4057 ||| READING scroll labelled EDGHIM YFUY.
  4058 | D:4      | 4058 ||| READING scroll labelled YWOSIA GOESHO.
  4159 | D:4      | 4159 ||| READING scroll labelled DEROJUU QISOO.
  4160 | D:4      | 4160 ||| READING 4 scrolls of identify.
  4160 | D:4      | 4160 ||| IDENTIFYING viscous green potion
  4161 | D:4      | 4161 ||| READING 3 scrolls of identify.
  4161 | D:4      | 4161 ||| IDENTIFYING viscous clear potion
  4162 | D:4      | 4162 ||| DROPPING potion of degeneration.
  4163 | D:4      | 4163 ||| DROPPING potion of brilliance.
  4267 | D:5      | 4267 ||| FLEEEEING.
  4268 | D:5      | 4268 ||| FLEEEEING.
  4269 | D:5      | 4269 ||| FLEEEEING.
  4270 | D:5      | 4270 ||| FLEEEEING.
  4271 | D:5      | 4271 ||| FLEEEEING.
  4272 | D:5      | 4272 ||| STAIRDANCE
  4276 | D:5      | 4276 ||| STAIRDANCE
  4287 | D:5      | 4287 ||| STAIRDANCE
  4291 | D:5      | 4291 ||| STAIRDANCE
  4295 | D:5      | 4295 ||| STAIRDANCE
  4345 | D:5      | 4345 ||| STAIRDANCE
  4397 | D:5      | 4397 ||| STAIRDANCE
  4401 | D:5      | 4401 ||| STAIRDANCE
  4405 | D:5      | 4405 ||| STAIRDANCE
  4409 | D:5      | 4409 ||| STAIRDANCE
  4413 | D:5      | 4413 ||| STAIRDANCE
  4417 | D:5      | 4417 ||| STAIRDANCE
  4421 | D:5      | 4421 ||| STAIRDANCE
  4425 | D:5      | 4425 ||| STAIRDANCE
  4429 | D:5      | 4429 ||| STAIRDANCE
  4433 | D:5      | 4433 ||| STAIRDANCE
  4437 | D:5      | 4437 ||| STAIRDANCE
  4441 | D:5      | 4441 ||| STAIRDANCE
  4445 | D:5      | 4445 ||| STAIRDANCE
  4525 | D:5      | Found Kuinou's Antique Armour Shoppe.
  4530 | D:5      | 4530 ||| SHOPLISTING embroidered scarf (216 gold, have 43).
  4530 | D:5      | 4530 ||| SHOPLISTING pair of gloves (121 gold, have 43).
  4530 | D:5      | 4530 ||| SHOPLISTING pair of glowing gloves (202 gold, have
                  | 43).
  4530 | D:5      | 4530 ||| SHOPLISTING plate armour (621 gold, have 43).
  4530 | D:5      | 4530 ||| SHOPLISTING runed ring mail (189 gold, have 43).
  4580 | D:5      | Reached skill level 6 in Fighting
  4622 | D:5      | Found a shimmering blue altar of Sif Muna.
  4622 | D:5      | Found a shadowy altar of Dithmenos.
  4743 | D:5      | 4743 ||| Stepping ~*~*~tactically~*~*~ (hiding).
  4746 | D:5      | 4746 ||| Stepping ~*~*~tactically~*~*~ (hiding).
  4748 | D:5      | 4748 ||| Stepping ~*~*~tactically~*~*~ (hiding).
  4749 | D:5      | 4749 ||| Stepping ~*~*~tactically~*~*~ (hiding).
  4766 | D:5      | HP: 12/51 [something (1)]
  4767 | D:5      | Reached XP level 9. HP: 13/55 MP: 9/9
  4767 | D:5      | 4767 ||| READING scroll of teleportation.
  4936 | D:5      | 4936 ||| Stepping ~*~*~tactically~*~*~ (hiding).
  4942 | D:5      | 4942 ||| DRINKING 2 potions of curing.
  4942 | D:5      | 4942 ||| (to cure confusion)
  5125 | D:5      | Found a staircase to the Ecumenical Temple.
  5126 | D:5      | 5126 ||| PLANNING TEMPLE
  5126 | D:5      | 5126 ||| UPGRADING to +0 pair of boots.
  5131 | D:5      | 5131 ||| READING scroll labelled GESEACS MUSMOV.
  5132 | D:5      | 5132 ||| READING scroll labelled ITOUSS BIKYHONT.
  5133 | D:5      | 5133 ||| READING 2 scrolls of identify.
  5133 | D:5      | 5133 ||| IDENTIFYING coppery potion
  5134 | D:5      | 5134 ||| DROPPING potion of enlightenment.
  5143 | Temple   | Entered the Ecumenical Temple
  5144 | Temple   | 5144 ||| PLANNING OKAWARU WORSHIP
  5148 | Temple   | Became a worshipper of Warmaster Okawaru
  5149 | Temple   | 5149 ||| PLANNING D:1-11
  5185 | D:5      | 5185 ||| READING scroll of enchant weapon.
  5185 | D:5      | 5185 ||| ENCHANTING +1 war axe.
  5207 | D:5      | 5207 ||| Stepping ~*~*~tactically~*~*~ (stealth).
  5210 | D:5      | 5210 ||| Stepping ~*~*~tactically~*~*~ (hiding).
  5211 | D:5      | 5211 ||| Stepping ~*~*~tactically~*~*~ (hiding).
  5438 | D:5      | 5438 ||| Stepping ~*~*~tactically~*~*~ (hiding).
  5441 | D:5      | 5441 ||| Stepping ~*~*~tactically~*~*~ (stealth).
  5442 | D:5      | 5442 ||| Stepping ~*~*~tactically~*~*~ (hiding).
  5443 | D:5      | 5443 ||| Stepping ~*~*~tactically~*~*~ (hiding).
  5455 | D:5      | Reached skill level 9 in Axes
  6005 | D:5      | 6005 ||| UPGRADING to +0 chain mail.
  6015 | D:5      | 6015 ||| DROPPING +0 scale mail.
  6016 | D:5      | 6016 ||| READING scroll labelled GOUNUFFIMP.
  6061 | D:6      | 6061 ||| Stepping ~*~*~tactically~*~*~ (hiding).
  6075 | D:6      | Found a snail-covered altar of Cheibriados.
  6169 | D:6      | Noticed Prince Ribbit
  6178 | D:6      | Killed Prince Ribbit
  6334 | D:6      | 6334 ||| READING scroll of enchant armour.
  6334 | D:6      | 6334 ||| ENCHANTING +0 pair of boots.
  6354 | D:6      | Reached skill level 7 in Fighting
  6370 | D:6      | Reached * piety under Okawaru
  6662 | D:6      | 6662 ||| UPGRADING to +6 ring of strength.
  6664 | D:6      | 6664 ||| UPGRADING to +4 ring of slaying {mikee}.
  6666 | D:6      | 6666 ||| DROPPING +6 ring of dexterity.
  6732 | D:7      | Reached skill level 1 in Invocations
  6923 | D:7      | Found an ancient bone altar of Kikubaaqudgha.
  7146 | D:7      | 7146 ||| Stepping ~*~*~tactically~*~*~ (stealth).
  7147 | D:7      | 7147 ||| Stepping ~*~*~tactically~*~*~ (stealth).
  7149 | D:7      | 7149 ||| INVOKING Heroism.
  7154 | D:7      | Reached skill level 3 in Invocations
  7234 | D:7      | 7234 ||| Stepping ~*~*~tactically~*~*~ (stealth).
  7358 | D:7      | 7358 ||| INVOKING Heroism.
  7450 | D:7      | Noticed Menkaure
  7451 | D:7      | 7451 ||| INVOKING Heroism.
  7455 | D:7      | Killed Menkaure
  7456 | D:7      | Reached XP level 10. HP: 49/63 MP: 9/13
  7526 | D:7      | 7526 ||| Stepping ~*~*~tactically~*~*~ (stealth).
  7792 | D:7      | 7792 ||| READING scroll of enchant weapon.
  7792 | D:7      | 7792 ||| ENCHANTING +2 war axe of freezing.
  7860 | D:7      | 7860 ||| DROPPING +6 ring of intelligence.
  7861 | D:7      | 7861 ||| UPGRADING to +5 ring of evasion.
  7863 | D:7      | 7863 ||| UPGRADING to +6 ring of strength.
  7865 | D:7      | 7865 ||| DROPPING +4 ring of slaying {mikee}.
  7866 | D:7      | 7866 ||| READING scroll labelled KAZXUIRURE.
  7867 | D:7      | 7867 ||| READING scroll labelled UKHIULI MUOKE.
  7868 | D:7      | 7868 ||| READING scroll labelled YRRIVV XOATH.
  7943 | D:8      | Reached ** piety under Okawaru
  8103 | D:8      | Found a hide-covered altar of Uskayaw.
  8103 | D:8      | Noticed a +0 falchion
  8104 | D:8      | Noticed a +0 falchion
  8105 | D:8      | Noticed a +0 short sword
  8105 | D:8      | Noticed a +0 spear
  8105 | D:8      | Noticed a +0 short sword
  8106 | D:8      | Noticed a +0 spear
  8106 | D:8      | Noticed a +0 dagger
  8107 | D:8      | Noticed a +0 dagger
  8114 | D:8      | 8114 ||| Stepping ~*~*~tactically~*~*~ (hiding).
  8126 | D:8      | 8126 ||| Stepping ~*~*~tactically~*~*~ (hiding).
  8141 | D:8      | 8141 ||| Stepping ~*~*~tactically~*~*~ (hiding).
  8163 | D:8      | 8163 ||| DROPPING +0 flail.
  8211 | D:8      | 8211 ||| DROPPING +0 morningstar.
  8406 | D:8      | 8406 ||| INVOKING Heroism.
  8408 | D:8      | 8408 ||| Stepping ~*~*~tactically~*~*~ (cloud).
  8409 | D:8      | 8409 ||| Stepping ~*~*~tactically~*~*~ (cloud).
  8420 | D:8      | Reached skill level 8 in Fighting
  8420 | D:8      | 8420 ||| Stepping ~*~*~tactically~*~*~ (cloud).
  8541 | D:8      | 8541 ||| READING 2 scrolls of identify.
  8541 | D:8      | 8541 ||| IDENTIFYING metallic red potion
  8542 | D:8      | 8542 ||| DROPPING potion of invisibility.
  8628 | D:9      | 8628 ||| FLEEEEING.
  8713 | D:9      | 8713 ||| INVOKING Heroism.
  8776 | D:9      | 8776 ||| INVOKING Heroism.
  8847 | D:9      | Noticed Joseph
  8848 | D:9      | 8848 ||| Stepping ~*~*~tactically~*~*~ (hiding).
  8864 | D:9      | Killed Joseph
  8968 | D:9      | 8968 ||| Stepping ~*~*~tactically~*~*~ (stealth).
  8970 | D:9      | 8970 ||| Stepping ~*~*~tactically~*~*~ (stealth).
  8972 | D:9      | 8972 ||| Stepping ~*~*~tactically~*~*~ (hiding).
  8973 | D:9      | 8973 ||| Stepping ~*~*~tactically~*~*~ (hiding).
  8974 | D:9      | 8974 ||| Stepping ~*~*~tactically~*~*~ (hiding).
  8978 | D:9      | 8978 ||| INVOKING Heroism.
  9329 | D:9      | 9329 ||| UPGRADING to +0 plate armour.
  9339 | D:9      | 9339 ||| DROPPING +0 chain mail.
  9340 | D:9      | 9340 ||| DROPPING +0 ring mail of fire resistance.
  9341 | D:9      | 9341 ||| DROPPING amulet of guardian spirit.
  9342 | D:9      | 9342 ||| DROPPING potion of berserk rage.
  9382 | D:10     | Entered Level 10 of the Dungeon
  9400 | D:10     | Noticed Maurice
  9401 | D:10     | Noticed an orc knight
  9402 | D:10     | 9402 ||| INVOKING Heroism.
  9404 | D:10     | Noticed a manticore
  9407 | D:10     | Killed Maurice
  9415 | D:10     | Killed an orc knight
  9416 | D:10     | Reached skill level 6 in Armour
  9419 | D:10     | Killed a manticore
  9429 | D:10     | Noticed a brown ugly thing
  9430 | D:10     | 9430 ||| Stepping ~*~*~tactically~*~*~ (stealth).
  9505 | D:10     | Noticed a purple ugly thing
  9511 | D:10     | Killed a purple ugly thing
  9511 | D:10     | Reached *** piety under Okawaru
  9512 | D:10     | Reached XP level 11. HP: 68/68 MP: 14/14
  9524 | D:10     | Killed a brown ugly thing
  9575 | D:10     | Identified the ring "Pewynk" {rC+ rN+}
  9581 | D:10     | Noticed a centaur warrior
  9591 | D:10     | Killed a centaur warrior
  9592 | D:10     | Reached skill level 9 in Fighting
  9630 | D:10     | Identified the ring "Texzasche" {Wiz *Corrode rElec Will+}
  9638 | D:10     | 9638 ||| INVOKING Heroism.
  9706 | D:10     | Reached **** piety under Okawaru
  9937 | D:10     | Found a bloodstained altar of Trog.
  9982 | D:10     | 9982 ||| Stepping ~*~*~tactically~*~*~ (stealth).
 10001 | D:10     | Noticed a two-headed ogre
 10002 | D:10     | 10002 ||| INVOKING Heroism.
 10016 | D:10     | Killed a two-headed ogre
 10035 | D:10     | 10035 ||| Stepping ~*~*~tactically~*~*~ (stealth).
 10039 | D:10     | 10039 ||| Stepping ~*~*~tactically~*~*~ (stealth).
 10040 | D:10     | 10040 ||| Stepping ~*~*~tactically~*~*~ (stealth).
 10156 | D:10     | Noticed an ogre mage
 10157 | D:10     | 10157 ||| Stepping ~*~*~tactically~*~*~ (stealth).
 10159 | D:10     | 10159 ||| Stepping ~*~*~tactically~*~*~ (hiding).
 10162 | D:10     | 10162 ||| Stepping ~*~*~tactically~*~*~ (hiding).
 10166 | D:10     | 10166 ||| INVOKING Heroism.
 10172 | D:10     | Killed an ogre mage
 10290 | D:10     | 10290 ||| UPGRADING to +0 cloak.
 10295 | D:10     | 10295 ||| UPGRADING to +2 cloak of preservation.
 10305 | D:10     | 10305 ||| DROPPING +0 cloak.
 10306 | D:10     | 10306 ||| DROPPING ring of willpower.
 10307 | D:10     | 10307 ||| DROPPING ring "Texzasche" {Wiz *Corrode rElec
                  | Will+}.
 10308 | D:10     | 10308 ||| DRINKING 2 grey potions.
 10309 | D:10     | 10309 ||| READING 2 scrolls of identify.
 10309 | D:10     | 10309 ||| IDENTIFYING black potion
 10343 | D:11     | Noticed a fire dragon
 10344 | D:11     | 10344 ||| PLANNING GAUNTLET
 10344 | D:11     | 10344 ||| INVOKING Heroism.
 10365 | D:11     | Killed a fire dragon
 10483 | D:11     | 10483 ||| Stepping ~*~*~tactically~*~*~ (stealth).
 10484 | D:11     | 10484 ||| Stepping ~*~*~tactically~*~*~ (stealth).
 10488 | D:11     | Reached skill level 12 in Axes
 10505 | D:11     | Reached skill level 6 in Invocations
 10524 | D:11     | Found a staircase to the Lair.
 10677 | D:11     | 10677 ||| Stepping ~*~*~tactically~*~*~ (stealth).
 10684 | D:11     | 10684 ||| INVOKING Heroism.
 10685 | D:11     | 10685 ||| READING 2 scrolls of teleportation.
 10754 | D:11     | Found a staircase to the Orcish Mines.
 10775 | D:11     | 10775 ||| Stepping ~*~*~tactically~*~*~ (hiding).
 10778 | D:11     | 10778 ||| Stepping ~*~*~tactically~*~*~ (hiding).
 10825 | D:11     | 10825 ||| RIP GAUNTLET
 10838 | D:11     | 10838 ||| PLANNING LAIR
 10838 | D:11     | 10838 ||| Stepping ~*~*~tactically~*~*~ (stealth).
 10839 | D:11     | 10839 ||| Stepping ~*~*~tactically~*~*~ (stealth).
 10840 | D:11     | 10840 ||| READING scroll labelled MEEL JIOKUAMNICI.
 10845 | D:11     | 10845 ||| Stepping ~*~*~tactically~*~*~ (stealth).
 10886 | D:11     | 10886 ||| READING 2 scrolls of identify.
 10886 | D:11     | 10886 ||| IDENTIFYING fuming sapphire potion
 10902 | Lair:1   | Entered Level 1 of the Lair of Beasts
 10907 | Lair:1   | 10907 ||| INVOKING Heroism.
 10922 | Lair:1   | Reached XP level 12. HP: 61/76 MP: 14/17
 10923 | Lair:1   | Reached skill level 6 in Shields
 10926 | Lair:1   | Noticed Gastronok
 10928 | Lair:1   | Reached ***** piety under Okawaru
 10942 | Lair:1   | 10942 ||| Stepping ~*~*~tactically~*~*~ (hiding).
 10948 | Lair:1   | 10948 ||| INVOKING Heroism.
 10958 | Lair:1   | Killed Gastronok
 10959 | Lair:1   | Reached skill level 9 in Armour
 10960 | Lair:1   | 10960 ||| Stepping ~*~*~tactically~*~*~ (stealth).
 10961 | Lair:1   | 10961 ||| Stepping ~*~*~tactically~*~*~ (stealth).
 10962 | Lair:1   | 10962 ||| Stepping ~*~*~tactically~*~*~ (stealth).
 11111 | Lair:1   | Received a gift from Okawaru
 11176 | Lair:1   | 11176 ||| FLEEEEING.
 11177 | Lair:1   | 11177 ||| FLEEEEING.
 11180 | Lair:1   | 11180 ||| FLEEEEING.
 11181 | Lair:1   | 11181 ||| FLEEEEING.
 11182 | Lair:1   | 11182 ||| FLEEEEING.
 11183 | Lair:1   | 11183 ||| FLEEEEING.
 11184 | Lair:1   | 11184 ||| FLEEEEING.
 11185 | Lair:1   | 11185 ||| FLEEEEING.
 11186 | Lair:1   | 11186 ||| FLEEEEING.
 11187 | Lair:1   | 11187 ||| FLEEEEING.
 11188 | Lair:1   | 11188 ||| FLEEEEING.
 11189 | Lair:1   | 11189 ||| FLEEEEING.
 11190 | Lair:1   | 11190 ||| FLEEEEING.
 11191 | Lair:1   | 11191 ||| FLEEEEING.
 11192 | Lair:1   | 11192 ||| STAIRDANCE
 11196 | Lair:1   | 11196 ||| STAIRDANCE
 11198 | D:11     | 11198 ||| INVOKING Heroism.
 11293 | Lair:1   | Noticed Grum
 11294 | Lair:1   | 11294 ||| INVOKING Heroism.
 11295 | Lair:1   | 11295 ||| INVOKING Finesse.
 11307 | Lair:1   | Killed Grum
 11308 | Lair:1   | Reached skill level 3 in Throwing
 11495 | Lair:1   | You fall into a shaft and drop 1 floor!
 11503 | Lair:2   | Reached skill level 9 in Invocations
 11505 | Lair:2   | Reached skill level 10 in Fighting
 11542 | Lair:2   | 11542 ||| Stepping ~*~*~tactically~*~*~ (stealth).
 11551 | Lair:2   | 11551 ||| INVOKING Heroism.
 11712 | Lair:2   | 11712 ||| Stepping ~*~*~tactically~*~*~ (hiding).
 11779 | Lair:2   | 11779 ||| Stepping ~*~*~tactically~*~*~ (stealth).
 11782 | Lair:2   | 11782 ||| INVOKING Heroism.
 11783 | Lair:2   | 11783 ||| Stepping ~*~*~tactically~*~*~ (stealth).
 11793 | Lair:2   | Received a gift from Okawaru
 11816 | Lair:2   | 11816 ||| INVOKING Heroism.
 11883 | Lair:2   | 11883 ||| INVOKING Heroism.
 11924 | Lair:2   | Noticed a five-headed hydra
 11925 | Lair:2   | 11925 ||| INVOKING Finesse.
 11927 | Lair:2   | Noticed a boulder beetle
 11932 | Lair:2   | 11932 ||| INVOKING Heroism.
 11933 | Lair:2   | 11933 ||| SWAPPING to +0 morningstar.
 11935 | Lair:2   | Killed a five-headed hydra
 11947 | Lair:2   | 11947 ||| INVOKING Finesse.
 11968 | Lair:2   | Killed a boulder beetle
 11969 | Lair:2   | Reached XP level 13. HP: 58/82 MP: 11/20
 12042 | Lair:2   | 12042 ||| UPGRADING to +3 war axe of freezing.
 12045 | Lair:2   | Found a hole to the Spider Nest.
 12137 | Lair:2   | 12137 ||| DROPPING orb of guile.
 12138 | Lair:2   | 12138 ||| READING 3 scrolls of identify.
 12138 | Lair:2   | 12138 ||| IDENTIFYING pink potion
 12372 | Lair:2   | 12372 ||| INVOKING Heroism.
 12600 | Lair:3   | 12600 ||| INVOKING Heroism.
 12732 | Lair:3   | Found a staircase to the Swamp.
 12809 | Lair:3   | 12809 ||| INVOKING Heroism.
 12810 | Lair:3   | 12810 ||| INVOKING Finesse.
 12816 | Lair:3   | 12816 ||| SWAPPING to +0 morningstar.
 12824 | Lair:3   | 12824 ||| UPGRADING to +3 war axe of freezing.
 13123 | Lair:3   | 13123 ||| Stepping ~*~*~tactically~*~*~ (stealth).
 13124 | Lair:3   | 13124 ||| Stepping ~*~*~tactically~*~*~ (stealth).
 13125 | Lair:3   | 13125 ||| Stepping ~*~*~tactically~*~*~ (stealth).
 13161 | Lair:3   | 13161 ||| FLEEEEING.
 13162 | Lair:3   | 13162 ||| FLEEEEING.
 13250 | Lair:3   | 13250 ||| Stepping ~*~*~tactically~*~*~ (stealth).
 13264 | Lair:3   | Received a gift from Okawaru
 13278 | Lair:3   | 13278 ||| UPGRADING to +7 heavy broad axe.
 13279 | Lair:3   | 13279 ||| DROPPING +3 war axe of freezing.
 13308 | Lair:3   | 13308 ||| INVOKING Heroism.
 13367 | Lair:3   | 13367 ||| INVOKING Heroism.
 13814 | Lair:4   | 13814 ||| FLEEEEING.
 13815 | Lair:4   | 13815 ||| FLEEEEING.
 13816 | Lair:4   | 13816 ||| FLEEEEING.
 13817 | Lair:4   | 13817 ||| FLEEEEING.
 13818 | Lair:4   | 13818 ||| FLEEEEING.
 13820 | Lair:4   | 13820 ||| FLEEEEING.
 13821 | Lair:4   | 13821 ||| FLEEEEING.
 13822 | Lair:4   | 13822 ||| STAIRDANCE
 13874 | Lair:4   | 13874 ||| STAIRDANCE
 13998 | Lair:4   | 13998 ||| Stepping ~*~*~tactically~*~*~ (stealth).
 14010 | Lair:4   | Noticed a dire elephant
 14011 | Lair:4   | 14011 ||| INVOKING Heroism.
 14019 | Lair:4   | Reached skill level 11 in Fighting
 14026 | Lair:4   | Killed a dire elephant
 14089 | Lair:4   | 14089 ||| Stepping ~*~*~tactically~*~*~ (stealth).
 14339 | Lair:4   | 14339 ||| Stepping ~*~*~tactically~*~*~ (hiding).
 14428 | Lair:4   | 14428 ||| Stepping ~*~*~tactically~*~*~ (stealth).
 14431 | Lair:4   | 14431 ||| Stepping ~*~*~tactically~*~*~ (stealth).
 14539 | Lair:4   | Identified the +4 ring mail "Ucralom" {Fly Will+ MP+9 Str-2
                  | SInv}
 14882 | Lair:4   | 14882 ||| UPGRADING to +4 ring mail "Ucralom" {Fly Will+
                  | MP+9 Str-2 SInv}.
 14956 | Lair:5   | Entered Level 5 of the Lair of Beasts
 15016 | Lair:5   | Received a gift from Okawaru
 15036 | Lair:5   | 15036 ||| INVOKING Heroism.
 15110 | Lair:5   | 15110 ||| Stepping ~*~*~tactically~*~*~ (stealth).
 15112 | Lair:5   | 15112 ||| Stepping ~*~*~tactically~*~*~ (stealth).
 15116 | Lair:5   | Reached skill level 3 in Dodging
 15116 | Lair:5   | Gained mutation: Your large and strong wings let you fly.
                  | [Gargoyle growth]
 15116 | Lair:5   | Reached XP level 14. HP: 90/90 MP: 21/21
 15163 | Lair:5   | Reached skill level 15 in Axes
 15191 | Lair:5   | 15191 ||| FLEEEEING.
 15192 | Lair:5   | 15192 ||| FLEEEEING.
 15193 | Lair:5   | 15193 ||| FLEEEEING.
 15194 | Lair:5   | 15194 ||| FLEEEEING.
 15195 | Lair:5   | 15195 ||| FLEEEEING.
 15197 | Lair:5   | 15197 ||| FLEEEEING.
 15198 | Lair:5   | 15198 ||| FLEEEEING.
 15199 | Lair:5   | 15199 ||| FLEEEEING.
 15200 | Lair:5   | 15200 ||| FLEEEEING.
 15201 | Lair:5   | 15201 ||| FLEEEEING.
 15202 | Lair:5   | 15202 ||| FLEEEEING.
 15203 | Lair:5   | 15203 ||| FLEEEEING.
 15213 | Lair:5   | 15213 ||| STAIRDANCE
 15246 | Lair:4   | 15246 ||| UPGRADING to +0 plate armour.
 15256 | Lair:4   | 15256 ||| DROPPING +4 ring mail "Ucralom" {Fly Will+ MP+9
                  | Str-2 SInv}.
 15288 | Lair:5   | 15288 ||| READING scroll of brand weapon.
 15288 | Lair:5   | 15288 ||| BRANDING +7 heavy broad axe.
 15304 | Lair:5   | Found a staircase to the Slime Pits.
 15305 | Lair:5   | Found a viscous altar of Jiyva.
 15307 | Lair:5   | 15307 ||| Stepping ~*~*~tactically~*~*~ (stealth).
 15346 | Lair:5   | 15346 ||| Stepping ~*~*~tactically~*~*~ (stealth).
 15497 | Lair:5   | Reached ****** piety under Okawaru
 15668 | Lair:5   | Noticed a dire elephant
 15668 | Lair:5   | Noticed a dire elephant
 15669 | Lair:5   | Noticed a dire elephant
 15670 | Lair:5   | 15670 ||| INVOKING Heroism.
 15671 | Lair:5   | 15671 ||| INVOKING Finesse.
 15685 | Lair:5   | 15685 ||| Stepping ~*~*~tactically~*~*~ (stealth).
 15690 | Lair:5   | Noticed a dire elephant
 15699 | Lair:5   | Killed a dire elephant
 15875 | Lair:5   | Reached skill level 12 in Fighting
 16047 | Lair:5   | 16047 ||| INVOKING Heroism.
 16051 | Lair:5   | Killed a dire elephant
 16053 | Lair:5   | Killed a dire elephant
 16057 | Lair:5   | Killed a dire elephant
 16159 | Lair:5   | 16159 ||| INVOKING Heroism.
 16160 | Lair:5   | 16160 ||| INVOKING Finesse.
 16244 | Lair:5   | 16244 ||| Stepping ~*~*~tactically~*~*~ (hiding).
 16245 | Lair:5   | 16245 ||| Stepping ~*~*~tactically~*~*~ (hiding).
 16342 | Lair:5   | 16342 ||| INVOKING Heroism.
 16343 | Lair:5   | 16343 ||| INVOKING Finesse.
 16357 | Lair:5   | Identified the +2 scale mail of Qadiuth {rPois Will+ rCorr}
                  | (Okawaru gifted it to you on level 5 of the Lair of Beasts)
 16357 | Lair:5   | Received a gift from Okawaru
 16413 | Lair:5   | 16413 ||| Stepping ~*~*~tactically~*~*~ (hiding).
 16608 | Lair:5   | 16608 ||| PLANNING D:1-11
 16855 | D:11     | 16855 ||| Stepping ~*~*~tactically~*~*~ (hiding).
 16856 | D:11     | 16856 ||| Stepping ~*~*~tactically~*~*~ (hiding).
 16985 | D:11     | 16985 ||| Stepping ~*~*~tactically~*~*~ (stealth).
 17082 | D:11     | 17082 ||| Stepping ~*~*~tactically~*~*~ (stealth).
 17083 | D:11     | 17083 ||| Stepping ~*~*~tactically~*~*~ (stealth).
 17168 | D:11     | 17168 ||| READING scroll of enchant weapon.
 17168 | D:11     | 17168 ||| ENCHANTING +7 spectral broad axe.
 17240 | D:11     | Found a stormy altar of Qazlal.
 17449 | D:11     | 17449 ||| PLANNING D
 17619 | D:12     | 17619 ||| Stepping ~*~*~tactically~*~*~ (hiding).
 17625 | D:12     | 17625 ||| Stepping ~*~*~tactically~*~*~ (hiding).
 17626 | D:12     | 17626 ||| Stepping ~*~*~tactically~*~*~ (hiding).
 17639 | D:12     | 17639 ||| Stepping ~*~*~tactically~*~*~ (hiding).
 17822 | D:12     | Found a runed translucent gate.
 17822 | D:12     | Found a runed translucent gate.
 17823 | D:12     | Found a runed translucent gate.
 17825 | D:12     | Noticed qw's ghost (journeyman GrFi)
 17923 | D:12     | 17923 ||| READING scroll of enchant weapon.
 17923 | D:12     | 17923 ||| ENCHANTING +8 spectral broad axe.
 18029 | D:12     | 18029 ||| INVOKING Heroism.
 18449 | D:12     | Found a runed translucent door.
 19027 | D:13     | 19027 ||| INVOKING Heroism.
 19066 | D:13     | Reached XP level 15. HP: 80/96 MP: 22/22
 19306 | D:13     | Found a bloodstained altar of Trog.
 19367 | D:13     | 19367 ||| READING scroll of enchant armour.
 19367 | D:13     | 19367 ||| ENCHANTING +1 pair of boots.
 19671 | D:14     | Noticed Nessos
 19672 | D:14     | 19672 ||| INVOKING Finesse.
 19695 | D:14     | 19695 ||| INVOKING Heroism.
 19698 | D:14     | Killed Nessos
 19940 | D:14     | Found a gate to the Vaults.
 19941 | D:14     | 19941 ||| INVOKING Heroism.
 20019 | D:14     | Reached skill level 13 in Fighting
 20100 | D:14     | 20100 ||| Stepping ~*~*~tactically~*~*~ (hiding).
 20306 | D:14     | 20306 ||| Stepping ~*~*~tactically~*~*~ (hiding).
 20446 | D:14     | 20446 ||| INVOKING Heroism.
 20448 | D:14     | Received a gift from Okawaru
 20480 | D:14     | 20480 ||| Stepping ~*~*~tactically~*~*~ (hiding).
 20597 | D:14     | Identified the +0 leather armour "Risoan" {rN+}
 20715 | D:14     | 20715 ||| INVOKING Heroism.
 20716 | D:14     | 20716 ||| INVOKING Finesse.
 20720 | D:14     | 20720 ||| SWAPPING to +0 morningstar.
 20767 | D:14     | 20767 ||| UPGRADING to +9 spectral broad axe.
 20797 | D:14     | 20797 ||| DROPPING +1 cloak.
 20798 | D:14     | 20798 ||| UPGRADING to +2 buckler.
 20808 | D:14     | 20808 ||| DROPPING +0 buckler.
 20843 | D:15     | Entered Level 15 of the Dungeon
 20852 | D:15     | Reached skill level 12 in Armour
 20953 | D:15     | 20953 ||| Stepping ~*~*~tactically~*~*~ (hiding).
 20954 | D:15     | 20954 ||| Stepping ~*~*~tactically~*~*~ (hiding).
 20956 | D:15     | 20956 ||| Stepping ~*~*~tactically~*~*~ (hiding).
 20957 | D:15     | 20957 ||| Stepping ~*~*~tactically~*~*~ (hiding).
 20960 | D:15     | 20960 ||| Stepping ~*~*~tactically~*~*~ (hiding).
 20961 | D:15     | 20961 ||| Stepping ~*~*~tactically~*~*~ (hiding).
 20962 | D:15     | 20962 ||| Stepping ~*~*~tactically~*~*~ (hiding).
 20963 | D:15     | 20963 ||| Stepping ~*~*~tactically~*~*~ (hiding).
 20999 | D:15     | 20999 ||| Stepping ~*~*~tactically~*~*~ (stealth).
 21011 | D:15     | 21011 ||| INVOKING Heroism.
 21077 | D:15     | Found a staircase to the Depths.
 21113 | D:15     | 21113 ||| INVOKING Heroism.
 21189 | D:15     | 21189 ||| Stepping ~*~*~tactically~*~*~ (hiding).
 21190 | D:15     | 21190 ||| Stepping ~*~*~tactically~*~*~ (hiding).
 21528 | D:15     | 21528 ||| PLANNING ORC
 21528 | D:15     | 21528 ||| READING 12 scrolls of identify.
 21528 | D:15     | 21528 ||| IDENTIFYING glowing yellow potion
 21612 | Orc:1    | Entered Level 1 of the Orcish Mines
 21646 | Orc:1    | 21646 ||| DROPPING +0 morningstar.
 21715 | Orc:1    | 21715 ||| Stepping ~*~*~tactically~*~*~ (hiding).
 21717 | Orc:1    | 21717 ||| INVOKING Heroism.
 21838 | Orc:2    | Entered Level 2 of the Orcish Mines
 21839 | Orc:2    | 21839 ||| PLANNING BAZAAR
 21839 | Orc:2    | 21839 ||| INVOKING Heroism.
 21860 | Orc:2    | 21860 ||| DRINKING 9 potions of curing.
 21860 | Orc:2    | 21860 ||| (to cure confusion)
 21863 | Orc:2    | 21863 ||| Stepping ~*~*~tactically~*~*~ (hiding).
 21864 | Orc:2    | 21864 ||| Stepping ~*~*~tactically~*~*~ (hiding).
 21873 | Orc:2    | 21873 ||| Stepping ~*~*~tactically~*~*~ (stealth).
 21874 | Orc:2    | 21874 ||| Stepping ~*~*~tactically~*~*~ (stealth).
 21875 | Orc:2    | 21875 ||| Stepping ~*~*~tactically~*~*~ (stealth).
 21876 | Orc:2    | 21876 ||| Stepping ~*~*~tactically~*~*~ (stealth).
 21905 | Orc:2    | 21905 ||| INVOKING Heroism.
 21908 | Orc:2    | Reached skill level 18 in Axes
 21914 | Orc:2    | Received a gift from Okawaru
 21914 | Orc:2    | Found the +3 pair of gauntlets of War {Slay+5}
 21936 | Orc:2    | Reached skill level 9 in Shields
 21941 | Orc:2    | Reached XP level 16. HP: 49/104 MP: 23/23
 21946 | Orc:2    | 21946 ||| FLEEEEING.
 21947 | Orc:2    | 21947 ||| FLEEEEING.
 21948 | Orc:2    | 21948 ||| FLEEEEING.
 21949 | Orc:2    | 21949 ||| FLEEEEING.
 21950 | Orc:2    | 21950 ||| FLEEEEING.
 21951 | Orc:2    | 21951 ||| FLEEEEING.
 21952 | Orc:2    | 21952 ||| FLEEEEING.
 21953 | Orc:2    | 21953 ||| FLEEEEING.
 21954 | Orc:2    | 21954 ||| FLEEEEING.
 21955 | Orc:2    | 21955 ||| FLEEEEING.
 21956 | Orc:2    | 21956 ||| FLEEEEING.
 21957 | Orc:2    | 21957 ||| FLEEEEING.
 21958 | Orc:2    | 21958 ||| FLEEEEING.
 21959 | Orc:2    | 21959 ||| FLEEEEING.
 21960 | Orc:2    | 21960 ||| STAIRDANCE
 22101 | Orc:2    | 22101 ||| STAIRDANCE
 22103 | Orc:1    | 22103 ||| INVOKING Heroism.
 22143 | Orc:2    | 22143 ||| INVOKING Heroism.
 22181 | Orc:2    | 22181 ||| Stepping ~*~*~tactically~*~*~ (stealth).
 22194 | Orc:2    | Found Boezefi's Jewellery Shop.
 22199 | Orc:2    | Found Vikoirph's Weapon Boutique.
 22200 | Orc:2    | Found Miseghiwuff's Distillery.
 22202 | Orc:2    | 22202 ||| BUYING amulet of faith (680 gold).
 22202 | Orc:2    | Bought an amulet of faith for 680 gold pieces
 22202 | Orc:2    | 22202 ||| BUYING ring of fire (425 gold).
 22202 | Orc:2    | Bought a ring of fire for 425 gold pieces
 22245 | Orc:2    | Found Koorch's Book Boutique.
 22248 | Orc:2    | 22248 ||| BUYING potion of attraction (30 gold).
 22248 | Orc:2    | Bought a potion of attraction for 30 gold pieces
 22248 | Orc:2    | 22248 ||| BUYING potion of attraction (30 gold).
 22248 | Orc:2    | Bought a potion of attraction for 30 gold pieces
 22248 | Orc:2    | 22248 ||| BUYING potion of curing (30 gold).
 22248 | Orc:2    | Bought a potion of curing for 30 gold pieces
 22248 | Orc:2    | 22248 ||| BUYING potion of curing (30 gold).
 22248 | Orc:2    | Bought a potion of curing for 30 gold pieces
 22248 | Orc:2    | 22248 ||| BUYING potion of haste (100 gold).
 22248 | Orc:2    | Bought a potion of haste for 100 gold pieces
 22248 | Orc:2    | 22248 ||| BUYING potion of lignification (30 gold).
 22248 | Orc:2    | Bought a potion of lignification for 30 gold pieces
 22331 | Orc:2    | Found a flickering gateway to a bazaar.
 22332 | Orc:2    | 22332 ||| UPGRADING to +3 pair of gauntlets of War
                  | {Slay+5}.
 22337 | Orc:2    | 22337 ||| UPGRADING to amulet of faith.
 22356 | Bazaar   | Entered a bazaar
 22372 | Bazaar   | Found Simul's Jewellery Emporium.
 22373 | Bazaar   | Found Liag's Assorted Antiques.
 22381 | Bazaar   | 22381 ||| BUYING crude chain mail (228 gold).
 22381 | Bazaar   | Bought a crude chain mail for 228 gold pieces
 22381 | Bazaar   | Identified the +10 chain mail "Cumpoxtayf" {-Tele rPois
                  | rC+++ Will-} (You bought it in a shop in a bazaar)
 22381 | Bazaar   | 22381 ||| BUYING potion of haste (240 gold).
 22381 | Bazaar   | Bought a potion of haste for 240 gold pieces
 22415 | Bazaar   | Found Yvviqa's Weapon Shoppe.
 22415 | Bazaar   | Found Faejou's Antique Armour Shoppe.
 22449 | Orc:2    | 22449 ||| PLANNING ORC
 22480 | Orc:1    | 22480 ||| INVOKING Heroism.
 22488 | Orc:1    | 22488 ||| INVOKING Finesse.
 22709 | Orc:2    | 22709 ||| Stepping ~*~*~tactically~*~*~ (hiding).
 22731 | Orc:2    | Found a staircase to the Elven Halls.
 22749 | Orc:2    | 22749 ||| Stepping ~*~*~tactically~*~*~ (stealth).
 22878 | Orc:2    | 22878 ||| Stepping ~*~*~tactically~*~*~ (hiding).
 22890 | Orc:2    | 22890 ||| Stepping ~*~*~tactically~*~*~ (hiding).
 23193 | Orc:2    | 23193 ||| PLANNING SPIDER:1-3
 23300 | Spider:1 | Entered Level 1 of the Spider Nest
 23313 | Spider:1 | 23313 ||| Stepping ~*~*~tactically~*~*~ (stealth).
 23320 | Spider:1 | 23320 ||| INVOKING Heroism.
 23329 | Spider:1 | Reached skill level 14 in Fighting
 23679 | Spider:1 | 23679 ||| Stepping ~*~*~tactically~*~*~ (stealth).
 23680 | Spider:1 | 23680 ||| Stepping ~*~*~tactically~*~*~ (stealth).
 23740 | Spider:1 | 23740 ||| READING scroll of enchant armour.
 23740 | Spider:1 | 23740 ||| ENCHANTING +0 plate armour.
 23753 | Spider:1 | 23753 ||| Stepping ~*~*~tactically~*~*~ (hiding).
 23754 | Spider:1 | 23754 ||| INVOKING Finesse.
 23806 | Spider:1 | 23806 ||| Stepping ~*~*~tactically~*~*~ (stealth).
 23808 | Spider:1 | 23808 ||| Stepping ~*~*~tactically~*~*~ (hiding).
 23812 | Spider:1 | 23812 ||| INVOKING Heroism.
 24065 | Spider:2 | 24065 ||| INVOKING Heroism.
 24101 | Spider:2 | Noticed Louise
 24102 | Spider:2 | 24102 ||| INVOKING Heroism.
 24103 | Spider:2 | 24103 ||| INVOKING Finesse.
 24112 | Spider:2 | Killed Louise
 24362 | Spider:2 | 24362 ||| Stepping ~*~*~tactically~*~*~ (stealth).
 24434 | Spider:2 | Noticed Arachne
 24435 | Spider:2 | 24435 ||| INVOKING Heroism.
 24436 | Spider:2 | 24436 ||| INVOKING Finesse.
 24443 | Spider:2 | Killed Arachne
 24463 | Spider:2 | 24463 ||| Stepping ~*~*~tactically~*~*~ (stealth).
 24465 | Spider:2 | 24465 ||| Stepping ~*~*~tactically~*~*~ (stealth).
 24471 | Spider:2 | Reached skill level 15 in Fighting
 24476 | Spider:2 | 24476 ||| Stepping ~*~*~tactically~*~*~ (stealth).
 24477 | Spider:2 | 24477 ||| Stepping ~*~*~tactically~*~*~ (stealth).
 24641 | Spider:2 | 24641 ||| INVOKING Finesse.
 24643 | Spider:2 | 24643 ||| Stepping ~*~*~tactically~*~*~ (hiding).
 24644 | Spider:2 | 24644 ||| Stepping ~*~*~tactically~*~*~ (hiding).
 24647 | Spider:2 | 24647 ||| Stepping ~*~*~tactically~*~*~ (hiding).
 24648 | Spider:2 | 24648 ||| Stepping ~*~*~tactically~*~*~ (hiding).
 24649 | Spider:2 | 24649 ||| INVOKING Heroism.
 24998 | Spider:2 | Identified the +3 long sword of Symmetry {vamp, rF+ rN+
                  | Str+3 Stlth+}
 25015 | Spider:2 | 25015 ||| Stepping ~*~*~tactically~*~*~ (stealth).
 25021 | Spider:2 | 25021 ||| Stepping ~*~*~tactically~*~*~ (stealth).
 25143 | Spider:2 | 25143 ||| UPGRADING to +1 tower shield of positive energy.
 25153 | Spider:2 | 25153 ||| DROPPING +2 buckler.
 25154 | Spider:2 | 25154 ||| READING scroll labelled TEXUDDIONO.
 25289 | Spider:3 | 25289 ||| Stepping ~*~*~tactically~*~*~ (hiding).
 25292 | Spider:3 | 25292 ||| Stepping ~*~*~tactically~*~*~ (hiding).
 25294 | Spider:3 | 25294 ||| INVOKING Finesse.
 25388 | Spider:3 | 25388 ||| Stepping ~*~*~tactically~*~*~ (stealth).
 25390 | Spider:3 | 25390 ||| Stepping ~*~*~tactically~*~*~ (stealth).
 25494 | Spider:3 | Received a gift from Okawaru
 25649 | Spider:3 | 25649 ||| Stepping ~*~*~tactically~*~*~ (hiding).
 25652 | Spider:3 | 25652 ||| INVOKING Heroism.
 25748 | Spider:3 | Reached XP level 17. HP: 94/113 MP: 24/24
 25841 | Spider:3 | 25841 ||| Stepping ~*~*~tactically~*~*~ (stealth).
 25940 | Spider:3 | 25940 ||| READING scroll of enchant armour.
 25940 | Spider:3 | 25940 ||| ENCHANTING +1 plate armour.
 25955 | Spider:3 | 25955 ||| Stepping ~*~*~tactically~*~*~ (stealth).
 25962 | Spider:3 | Received a gift from Okawaru
 25970 | Spider:3 | 25970 ||| Stepping ~*~*~tactically~*~*~ (stealth).
 25973 | Spider:3 | 25973 ||| Stepping ~*~*~tactically~*~*~ (stealth).
 25977 | Spider:3 | 25977 ||| INVOKING Finesse.
 26028 | Spider:3 | 26028 ||| INVOKING Heroism.
 26037 | Spider:3 | Reached skill level 12 in Shields
 26064 | Spider:3 | 26064 ||| DROPPING +1 heavy morningstar.
 26203 | Spider:3 | 26203 ||| FLEEEEING.
 26206 | Spider:3 | 26206 ||| Stepping ~*~*~tactically~*~*~ (stealth).
 26207 | Spider:3 | 26207 ||| Stepping ~*~*~tactically~*~*~ (stealth).
 26336 | Spider:3 | 26336 ||| PLANNING SWAMP:1-3
 26336 | Spider:3 | 26336 ||| DROPPING +6 chain mail of ponderousness.
 26337 | Spider:3 | 26337 ||| READING scroll labelled WAIRESM CUAL.
 26338 | Spider:3 | 26338 ||| READING scroll labelled ALEUTI OFFOXT.
 26452 | Swamp:1  | Entered Level 1 of the Swamp
 26511 | Swamp:1  | 26511 ||| Stepping ~*~*~tactically~*~*~ (hiding).
 26513 | Swamp:1  | 26513 ||| INVOKING Heroism.
 26553 | Swamp:1  | 26553 ||| Stepping ~*~*~tactically~*~*~ (hiding).
 26557 | Swamp:1  | 26557 ||| INVOKING Heroism.
 26560 | Swamp:1  | 26560 ||| SWAPPING to +0 eveningstar.
 26607 | Swamp:1  | 26607 ||| UPGRADING to +9 spectral broad axe.
 26622 | Swamp:1  | 26622 ||| INVOKING Heroism.
 26664 | Swamp:1  | 26664 ||| Stepping ~*~*~tactically~*~*~ (stealth).
 26665 | Swamp:1  | 26665 ||| Stepping ~*~*~tactically~*~*~ (stealth).
 26735 | Swamp:1  | 26735 ||| Stepping ~*~*~tactically~*~*~ (hiding).
 26868 | Swamp:1  | 26868 ||| INVOKING Heroism.
 26942 | Swamp:1  | 26942 ||| Stepping ~*~*~tactically~*~*~ (hiding).
 26945 | Swamp:1  | 26945 ||| INVOKING Heroism.
 27048 | Swamp:2  | 27048 ||| INVOKING Heroism.
 27078 | Swamp:2  | 27078 ||| Stepping ~*~*~tactically~*~*~ (cloud).
 27113 | Swamp:2  | 27113 ||| INVOKING Heroism.
 27303 | Swamp:2  | 27303 ||| INVOKING Heroism.
 27375 | Swamp:2  | Found a white marble altar of Elyvilon.
 27650 | Swamp:3  | 27650 ||| Stepping ~*~*~tactically~*~*~ (stealth).
 27653 | Swamp:3  | 27653 ||| Stepping ~*~*~tactically~*~*~ (stealth).
 27656 | Swamp:3  | 27656 ||| Stepping ~*~*~tactically~*~*~ (hiding).
 27657 | Swamp:3  | 27657 ||| Stepping ~*~*~tactically~*~*~ (hiding).
 27658 | Swamp:3  | 27658 ||| INVOKING Heroism.
 27698 | Swamp:3  | Noticed Mlioglotl
 27699 | Swamp:3  | 27699 ||| INVOKING Finesse.
 27700 | Swamp:3  | Received a gift from Okawaru
 27710 | Swamp:3  | Noticed a Hell Sentinel
 27712 | Swamp:3  | Noticed a tentacled starspawn
 27716 | Swamp:3  | Killed Mlioglotl
 27761 | Swamp:3  | 27761 ||| Stepping ~*~*~tactically~*~*~ (hiding).
 27762 | Swamp:3  | 27762 ||| INVOKING Heroism.
 27815 | Swamp:3  | 27815 ||| Stepping ~*~*~tactically~*~*~ (cloud).
 27838 | Swamp:3  | Noticed Nikola
 27839 | Swamp:3  | 27839 ||| INVOKING Heroism.
 27845 | Swamp:3  | Killed Nikola
 27852 | Swamp:3  | 27852 ||| Stepping ~*~*~tactically~*~*~ (cloud).
 27864 | Swamp:3  | Noticed Roxanne
 27865 | Swamp:3  | 27865 ||| INVOKING Finesse.
 27877 | Swamp:3  | Killed Roxanne
 27877 | Swamp:3  | Received a gift from Okawaru
 27928 | Swamp:3  | Found a runed translucent gate.
 27928 | Swamp:3  | Found a runed translucent gate.
 27928 | Swamp:3  | Found a runed translucent gate.
 27929 | Swamp:3  | Noticed qw's ghost (adept GrFi)
 27934 | Swamp:3  | Identified a scroll of acquirement
 28006 | Swamp:3  | 28006 ||| INVOKING Heroism.
 28064 | Swamp:3  | 28064 ||| Stepping ~*~*~tactically~*~*~ (hiding).
 28065 | Swamp:3  | 28065 ||| INVOKING Heroism.
 28220 | Swamp:3  | 28220 ||| INVOKING Heroism.
 28447 | Swamp:3  | 28447 ||| DROPPING ring of positive energy.
 28448 | Swamp:3  | 28448 ||| PLANNING SPIDER:4
 28585 | Spider:4 | Entered Level 4 of the Spider Nest
 28623 | Spider:4 | 28623 ||| Stepping ~*~*~tactically~*~*~ (hiding).
 28624 | Spider:4 | 28624 ||| Stepping ~*~*~tactically~*~*~ (stealth).
 28625 | Spider:4 | 28625 ||| Stepping ~*~*~tactically~*~*~ (hiding).
 28630 | Spider:4 | Reached skill level 15 in Shields
 28646 | Spider:4 | 28646 ||| Stepping ~*~*~tactically~*~*~ (stealth).
 28648 | Spider:4 | 28648 ||| Stepping ~*~*~tactically~*~*~ (stealth).
 28666 | Spider:4 | 28666 ||| Stepping ~*~*~tactically~*~*~ (stealth).
 28669 | Spider:4 | 28669 ||| Stepping ~*~*~tactically~*~*~ (hiding).
 28693 | Spider:4 | Noticed Kirke
 28694 | Spider:4 | 28694 ||| Stepping ~*~*~tactically~*~*~ (stealth).
 28697 | Spider:4 | 28697 ||| Stepping ~*~*~tactically~*~*~ (stealth).
 28702 | Spider:4 | Noticed a sphinx
 28703 | Spider:4 | Killed Kirke
 28710 | Spider:4 | 28710 ||| Stepping ~*~*~tactically~*~*~ (stealth).
 28736 | Spider:4 | 28736 ||| Stepping ~*~*~tactically~*~*~ (stealth).
 28772 | Spider:4 | 28772 ||| Stepping ~*~*~tactically~*~*~ (stealth).
 28821 | Spider:4 | 28821 ||| Stepping ~*~*~tactically~*~*~ (stealth).
 28858 | Spider:4 | 28858 ||| INVOKING Heroism.
 28896 | Spider:4 | Found a runed translucent gate.
 28896 | Spider:4 | Found a runed translucent gate.
 28896 | Spider:4 | Found a runed translucent gate.
 28897 | Spider:4 | Noticed qw's ghost (adept GrFi)
 28982 | Spider:4 | Received a gift from Okawaru
 28994 | Spider:4 | Noticed Asterion
 28994 | Spider:4 | 28994 ||| INVOKING Heroism.
 28995 | Spider:4 | 28995 ||| Stepping ~*~*~tactically~*~*~ (cloud).
 28996 | Spider:4 | 28996 ||| Stepping ~*~*~tactically~*~*~ (cloud).
 28998 | Spider:4 | 28998 ||| INVOKING Finesse.
 29008 | Spider:4 | Killed Asterion
 29120 | Spider:4 | 29120 ||| Stepping ~*~*~tactically~*~*~ (stealth).
 29122 | Spider:4 | 29122 ||| Stepping ~*~*~tactically~*~*~ (hiding).
 29172 | Spider:4 | 29172 ||| INVOKING Heroism.
 29183 | Spider:4 | Reached XP level 18. HP: 119/119 MP: 25/25
 29183 | Spider:4 | 29183 ||| DROPPING +0 eveningstar.
 29188 | Spider:4 | 29188 ||| Stepping ~*~*~tactically~*~*~ (stealth).
 29194 | Spider:4 | 29194 ||| Stepping ~*~*~tactically~*~*~ (hiding).
 29418 | Spider:4 | 29418 ||| Stepping ~*~*~tactically~*~*~ (stealth).
 29457 | Spider:4 | 29457 ||| Stepping ~*~*~tactically~*~*~ (stealth).
 29458 | Spider:4 | 29458 ||| Stepping ~*~*~tactically~*~*~ (stealth).
 29468 | Spider:4 | Received a gift from Okawaru
 29777 | Spider:4 | 29777 ||| INVOKING Heroism.
 29783 | Spider:4 | Reached skill level 6 in Throwing
 29844 | Spider:4 | Identified the +0 hat of the Eternal Void {rC+++ Will+
                  | Str+3}
 29851 | Spider:4 | 29851 ||| INVOKING Heroism.
 29892 | Spider:4 | Got a gossamer rune of Zot
 29974 | Spider:4 | 29974 ||| UPGRADING to +0 hat of the Eternal Void {rC+++
                  | Will+ Str+3}.
 29984 | Spider:4 | 29984 ||| PLANNING VAULTS:1-4
 30205 | Vaults:1 | Entered Level 1 of the Vaults
 30232 | Vaults:1 | 30232 ||| Stepping ~*~*~tactically~*~*~ (hiding).
 30244 | Vaults:1 | 30244 ||| FLEEEEING.
 30245 | Vaults:1 | 30245 ||| FLEEEEING.
 30246 | Vaults:1 | 30246 ||| FLEEEEING.
 30247 | Vaults:1 | 30247 ||| FLEEEEING.
 30248 | Vaults:1 | 30248 ||| FLEEEEING.
 30249 | Vaults:1 | 30249 ||| FLEEEEING.
 30250 | Vaults:1 | 30250 ||| STAIRDANCE
 30358 | Vaults:1 | 30358 ||| STAIRDANCE
 30411 | Vaults:1 | Received a gift from Okawaru
 30424 | Vaults:1 | 30424 ||| INVOKING Heroism.
 30428 | Vaults:1 | Received a gift from Okawaru
 30667 | Vaults:1 | 30667 ||| Stepping ~*~*~tactically~*~*~ (stealth).
 31098 | Vaults:1 | 31098 ||| Stepping ~*~*~tactically~*~*~ (hiding).
 31153 | Vaults:1 | 31153 ||| Stepping ~*~*~tactically~*~*~ (hiding).
 31281 | Vaults:1 | 31281 ||| Stepping ~*~*~tactically~*~*~ (hiding).
 31282 | Vaults:1 | 31282 ||| Stepping ~*~*~tactically~*~*~ (hiding).
 31286 | Vaults:1 | 31286 ||| INVOKING Heroism.
 31288 | Vaults:1 | Reached skill level 18 in Shields
 31294 | Vaults:1 | Received a gift from Okawaru
 31469 | Vaults:1 | Found Heuph's Antique Armour Shoppe.
 31577 | Vaults:1 | 31577 ||| BUYING embroidered cloak (330 gold).
 31577 | Vaults:1 | Bought an embroidered cloak for 330 gold pieces
 31577 | Vaults:1 | 31577 ||| BUYING pair of dazzling boots (418 gold).
 31577 | Vaults:1 | Bought a pair of dazzling boots for 418 gold pieces
 31577 | Vaults:1 | Identified the +2 pair of boots "Uqysoixep" {rElec rN++
                  | Will-} (You bought it in a shop on level 1 of the Vaults)
 31773 | Vaults:1 | 31773 ||| FLEEEEING.
 31774 | Vaults:1 | 31774 ||| FLEEEEING.
 31775 | Vaults:1 | 31775 ||| FLEEEEING.
 31776 | Vaults:1 | 31776 ||| FLEEEEING.
 31777 | Vaults:1 | 31777 ||| FLEEEEING.
 31778 | Vaults:1 | 31778 ||| FLEEEEING.
 31780 | Vaults:1 | 31780 ||| FLEEEEING.
 31781 | Vaults:1 | 31781 ||| FLEEEEING.
 31782 | Vaults:1 | 31782 ||| FLEEEEING.
 31783 | Vaults:1 | 31783 ||| FLEEEEING.
 31784 | Vaults:1 | 31784 ||| FLEEEEING.
 31785 | Vaults:1 | 31785 ||| FLEEEEING.
 31786 | Vaults:1 | 31786 ||| FLEEEEING.
 31787 | Vaults:1 | 31787 ||| FLEEEEING.
 31788 | Vaults:1 | 31788 ||| FLEEEEING.
 31789 | Vaults:1 | 31789 ||| FLEEEEING.
 31790 | Vaults:1 | 31790 ||| FLEEEEING.
 31791 | Vaults:1 | 31791 ||| FLEEEEING.
 31792 | Vaults:1 | 31792 ||| FLEEEEING.
 31793 | Vaults:1 | 31793 ||| FLEEEEING.
 31794 | Vaults:1 | 31794 ||| FLEEEEING.
 31795 | Vaults:1 | 31795 ||| FLEEEEING.
 31796 | Vaults:1 | 31796 ||| FLEEEEING.
 31797 | Vaults:1 | 31797 ||| FLEEEEING.
 31798 | Vaults:1 | 31798 ||| FLEEEEING.
 31799 | Vaults:1 | 31799 ||| FLEEEEING.
 31800 | Vaults:1 | 31800 ||| FLEEEEING.
 31801 | Vaults:1 | 31801 ||| FLEEEEING.
 31802 | Vaults:1 | 31802 ||| FLEEEEING.
 32020 | Vaults:1 | 32020 ||| DROPPING +0 cloak of poison resistance.
 32138 | Vaults:2 | 32138 ||| FLEEEEING.
 32139 | Vaults:2 | 32139 ||| FLEEEEING.
 32140 | Vaults:2 | 32140 ||| FLEEEEING.
 32141 | Vaults:2 | 32141 ||| FLEEEEING.
 32142 | Vaults:2 | 32142 ||| FLEEEEING.
 32143 | Vaults:2 | 32143 ||| FLEEEEING.
 32144 | Vaults:2 | 32144 ||| FLEEEEING.
 32145 | Vaults:2 | 32145 ||| FLEEEEING.
 32146 | Vaults:2 | 32146 ||| FLEEEEING.
 32147 | Vaults:2 | 32147 ||| FLEEEEING.
 32148 | Vaults:2 | 32148 ||| FLEEEEING.
 32149 | Vaults:2 | 32149 ||| FLEEEEING.
 32150 | Vaults:2 | 32150 ||| FLEEEEING.
 32151 | Vaults:2 | 32151 ||| FLEEEEING.
 32152 | Vaults:2 | 32152 ||| FLEEEEING.
 32221 | Vaults:2 | 32221 ||| Stepping ~*~*~tactically~*~*~ (hiding).
 32275 | Vaults:2 | 32275 ||| Stepping ~*~*~tactically~*~*~ (hiding).
 32517 | Vaults:2 | 32517 ||| FLEEEEING.
 32518 | Vaults:2 | 32518 ||| FLEEEEING.
 32519 | Vaults:2 | 32519 ||| FLEEEEING.
 32520 | Vaults:2 | 32520 ||| FLEEEEING.
 32521 | Vaults:2 | 32521 ||| FLEEEEING.
 32522 | Vaults:2 | 32522 ||| FLEEEEING.
 32523 | Vaults:2 | 32523 ||| FLEEEEING.
 32524 | Vaults:2 | 32524 ||| FLEEEEING.
 32525 | Vaults:2 | 32525 ||| FLEEEEING.
 32526 | Vaults:2 | 32526 ||| FLEEEEING.
 32527 | Vaults:2 | 32527 ||| FLEEEEING.
 32528 | Vaults:2 | 32528 ||| FLEEEEING.
 32529 | Vaults:2 | 32529 ||| FLEEEEING.
 32530 | Vaults:2 | 32530 ||| FLEEEEING.
 32531 | Vaults:2 | 32531 ||| FLEEEEING.
 32532 | Vaults:2 | 32532 ||| FLEEEEING.
 32533 | Vaults:2 | 32533 ||| FLEEEEING.
 32534 | Vaults:2 | 32534 ||| FLEEEEING.
 32538 | Vaults:2 | 32538 ||| STAIRDANCE
 32669 | Vaults:2 | Reached XP level 19. HP: 94/124 MP: 26/26
 32676 | Vaults:2 | 32676 ||| INVOKING Heroism.
 32680 | Vaults:2 | Identified the +3 pair of boots "Xidwaufu" {rPois rCorr}
                  | (Okawaru gifted it to you on level 2 of the Vaults)
 32680 | Vaults:2 | Received a gift from Okawaru
 32681 | Vaults:2 | Reached skill level 16 in Fighting
 32884 | Vaults:2 | Noticed Margery
 32885 | Vaults:2 | 32885 ||| DRINKING 2 potions of resistance.
 32886 | Vaults:2 | 32886 ||| INVOKING Heroism.
 32887 | Vaults:2 | 32887 ||| INVOKING Finesse.
 32893 | Vaults:2 | Killed Margery
 33152 | Vaults:2 | Found a staircase to the Crypt.
 33152 | Vaults:2 | Found a basalt altar of Yredelemnul.
 33153 | Vaults:2 | Found an ancient bone altar of Kikubaaqudgha.
 33318 | Vaults:2 | 33318 ||| Stepping ~*~*~tactically~*~*~ (stealth).
 33324 | Vaults:2 | 33324 ||| INVOKING Heroism.
 33325 | Vaults:2 | 33325 ||| INVOKING Finesse.
 33331 | Vaults:2 | Reached skill level 15 in Armour
 33607 | Vaults:2 | 33607 ||| FLEEEEING.
 33608 | Vaults:2 | 33608 ||| FLEEEEING.
 33609 | Vaults:2 | 33609 ||| FLEEEEING.
 33610 | Vaults:2 | 33610 ||| FLEEEEING.
 33611 | Vaults:2 | 33611 ||| FLEEEEING.
 33612 | Vaults:2 | 33612 ||| FLEEEEING.
 33613 | Vaults:2 | 33613 ||| FLEEEEING.
 33614 | Vaults:2 | 33614 ||| FLEEEEING.
 33615 | Vaults:2 | 33615 ||| FLEEEEING.
 33616 | Vaults:2 | 33616 ||| FLEEEEING.
 33617 | Vaults:2 | 33617 ||| FLEEEEING.
 33618 | Vaults:2 | 33618 ||| FLEEEEING.
 33619 | Vaults:2 | 33619 ||| FLEEEEING.
 33631 | Vaults:2 | 33631 ||| FLEEEEING.
 33632 | Vaults:2 | 33632 ||| FLEEEEING.
 33633 | Vaults:2 | 33633 ||| STAIRDANCE
 33735 | Vaults:1 | 33735 ||| UPGRADING to +3 pair of boots "Xidwaufu" {rPois
                  | rCorr}.
 33745 | Vaults:1 | 33745 ||| DROPPING +2 pair of boots.
 33746 | Vaults:1 | 33746 ||| DROPPING +2 pair of boots "Uqysoixep" {rElec rN++
                  | Will-}.
 33883 | Vaults:3 | Found Veonwud's Jewellery Shoppe.
 33892 | Vaults:3 | 33892 ||| BUYING ring of fire (350 gold).
 33892 | Vaults:3 | Bought a ring of fire for 350 gold pieces
 33892 | Vaults:3 | 33892 ||| SHOPLISTING ring of the Magpie {rElec rC++ EV+5
                  | Str-3 SInv} (915 gold, have 210).
 33947 | Vaults:3 | 33947 ||| FLEEEEING.
 33948 | Vaults:3 | 33948 ||| FLEEEEING.
 33949 | Vaults:3 | 33949 ||| FLEEEEING.
 33950 | Vaults:3 | 33950 ||| FLEEEEING.
 33951 | Vaults:3 | 33951 ||| FLEEEEING.
 33952 | Vaults:3 | 33952 ||| FLEEEEING.
 33953 | Vaults:3 | 33953 ||| FLEEEEING.
 33954 | Vaults:3 | 33954 ||| FLEEEEING.
 33955 | Vaults:3 | 33955 ||| FLEEEEING.
 34005 | Vaults:3 | 34005 ||| Stepping ~*~*~tactically~*~*~ (hiding).
 34040 | Vaults:3 | 34040 ||| Stepping ~*~*~tactically~*~*~ (hiding).
 34041 | Vaults:3 | 34041 ||| Stepping ~*~*~tactically~*~*~ (hiding).
 34051 | Vaults:3 | 34051 ||| INVOKING Heroism.
 34052 | Vaults:3 | 34052 ||| Stepping ~*~*~tactically~*~*~ (hiding).
 34173 | Vaults:3 | 34173 ||| FLEEEEING.
 34174 | Vaults:3 | 34174 ||| FLEEEEING.
 34175 | Vaults:3 | 34175 ||| FLEEEEING.
 34345 | Vaults:3 | 34345 ||| Stepping ~*~*~tactically~*~*~ (hiding).
 34483 | Vaults:3 | 34483 ||| INVOKING Heroism.
 34488 | Vaults:3 | Reached skill level 17 in Fighting
 34635 | Vaults:3 | 34635 ||| Stepping ~*~*~tactically~*~*~ (hiding).
 34636 | Vaults:3 | 34636 ||| Stepping ~*~*~tactically~*~*~ (hiding).
 34637 | Vaults:3 | 34637 ||| Stepping ~*~*~tactically~*~*~ (hiding).
 34828 | Vaults:3 | 34828 ||| INVOKING Heroism.
 34829 | Vaults:3 | 34829 ||| INVOKING Finesse.
 34843 | Vaults:3 | Received a gift from Okawaru
 35037 | Vaults:3 | 35037 ||| Stepping ~*~*~tactically~*~*~ (hiding).
 35133 | Vaults:3 | Received a gift from Okawaru
 35180 | Vaults:3 | 35180 ||| Stepping ~*~*~tactically~*~*~ (hiding).
 35307 | Vaults:3 | 35307 ||| Stepping ~*~*~tactically~*~*~ (hiding).
 35308 | Vaults:3 | 35308 ||| Stepping ~*~*~tactically~*~*~ (hiding).
 35313 | Vaults:3 | Paralysed by a great orb of eyes for 2 turns
 35449 | Vaults:3 | 35449 ||| Stepping ~*~*~tactically~*~*~ (hiding).
 35451 | Vaults:3 | 35451 ||| INVOKING Heroism.
 35615 | Vaults:3 | 35615 ||| Stepping ~*~*~tactically~*~*~ (stealth).
 35624 | Vaults:3 | 35624 ||| Stepping ~*~*~tactically~*~*~ (hiding).
 35634 | Vaults:3 | 35634 ||| Stepping ~*~*~tactically~*~*~ (hiding).
 35649 | Vaults:3 | 35649 ||| Stepping ~*~*~tactically~*~*~ (stealth).
 35650 | Vaults:3 | 35650 ||| Stepping ~*~*~tactically~*~*~ (stealth).
 35664 | Vaults:3 | Reached XP level 20. HP: 132/134 MP: 27/27
 35687 | Vaults:3 | 35687 ||| Stepping ~*~*~tactically~*~*~ (stealth).
 35699 | Vaults:3 | 35699 ||| Stepping ~*~*~tactically~*~*~ (hiding).
 35703 | Vaults:3 | 35703 ||| Stepping ~*~*~tactically~*~*~ (hiding).
 35704 | Vaults:3 | 35704 ||| Stepping ~*~*~tactically~*~*~ (hiding).
 35746 | Vaults:3 | 35746 ||| Stepping ~*~*~tactically~*~*~ (stealth).
 36200 | Vaults:3 | 36200 ||| UPGRADING to +2 tower shield.
 36210 | Vaults:3 | 36210 ||| DROPPING +1 tower shield of positive energy.
 36227 | Vaults:4 | 36227 ||| PLANNING WIZLAB
 36247 | Vaults:4 | Found a magical portal.
 36256 | WizLab   | Entered Yara's Duelist Academy
 36261 | WizLab   | Received a gift from Okawaru
 36293 | WizLab   | 36293 ||| Stepping ~*~*~tactically~*~*~ (stealth).
 36305 | WizLab   | Received a gift from Okawaru
 36328 | WizLab   | 36328 ||| FLEEEEING.
 36330 | WizLab   | 36330 ||| FLEEEEING.
 36331 | WizLab   | 36331 ||| FLEEEEING.
 36332 | WizLab   | 36332 ||| FLEEEEING.
 36333 | WizLab   | 36333 ||| FLEEEEING.
 36334 | WizLab   | 36334 ||| FLEEEEING.
 36340 | WizLab   | 36340 ||| FLEEEEING.
 36341 | WizLab   | 36341 ||| FLEEEEING.
 36342 | WizLab   | 36342 ||| FLEEEEING.
 36343 | WizLab   | 36343 ||| FLEEEEING.
 36344 | WizLab   | 36344 ||| FLEEEEING.
 36456 | WizLab   | Noticed Ikumur
 36457 | WizLab   | 36457 ||| Stepping ~*~*~tactically~*~*~ (stealth).
 36464 | WizLab   | Killed Ikumur the Head Instructor
 36465 | WizLab   | Reached skill level 9 in Throwing
 36537 | WizLab   | 36537 ||| Stepping ~*~*~tactically~*~*~ (hiding).
 36630 | WizLab   | 36630 ||| READING scroll of enchant armour.
 36630 | WizLab   | 36630 ||| ENCHANTING +2 plate armour.
 36738 | WizLab   | Found the +5 demon whip "Spellbinder" {antimagic, disrupt,
                  | Will+}
 36820 | WizLab   | Identified the +6 battleaxe of the Fool {drain, Drain rPois
                  | rC+ Will+}
 36849 | WizLab   | 36849 ||| DROPPING +1 plate armour of willpower.
 36877 | Vaults:4 | 36877 ||| PLANNING VAULTS:1-4
 36986 | Vaults:4 | 36986 ||| Stepping ~*~*~tactically~*~*~ (hiding).
 36987 | Vaults:4 | 36987 ||| Stepping ~*~*~tactically~*~*~ (hiding).
 37120 | Vaults:4 | 37120 ||| Stepping ~*~*~tactically~*~*~ (hiding).
 37388 | Vaults:4 | 37388 ||| Stepping ~*~*~tactically~*~*~ (stealth).
 37401 | Vaults:4 | 37401 ||| FLEEEEING.
 37402 | Vaults:4 | 37402 ||| FLEEEEING.
 37403 | Vaults:4 | 37403 ||| FLEEEEING.
 37404 | Vaults:4 | 37404 ||| FLEEEEING.
 37405 | Vaults:4 | 37405 ||| FLEEEEING.
 37406 | Vaults:4 | 37406 ||| FLEEEEING.
 37407 | Vaults:4 | 37407 ||| FLEEEEING.
 37408 | Vaults:4 | 37408 ||| FLEEEEING.
 37409 | Vaults:4 | 37409 ||| FLEEEEING.
 37410 | Vaults:4 | 37410 ||| FLEEEEING.
 37411 | Vaults:4 | 37411 ||| FLEEEEING.
 37412 | Vaults:4 | 37412 ||| FLEEEEING.
 37413 | Vaults:4 | 37413 ||| FLEEEEING.
 37414 | Vaults:4 | 37414 ||| FLEEEEING.
 37415 | Vaults:4 | 37415 ||| FLEEEEING.
 37416 | Vaults:4 | 37416 ||| FLEEEEING.
 37417 | Vaults:4 | 37417 ||| FLEEEEING.
 37418 | Vaults:4 | 37418 ||| FLEEEEING.
 37419 | Vaults:4 | 37419 ||| FLEEEEING.
 37420 | Vaults:4 | 37420 ||| FLEEEEING.
 37431 | Vaults:4 | 37431 ||| FLEEEEING.
 37433 | Vaults:4 | 37433 ||| FLEEEEING.
 37453 | Vaults:4 | 37453 ||| FLEEEEING.
 37454 | Vaults:4 | 37454 ||| FLEEEEING.
 37455 | Vaults:4 | 37455 ||| FLEEEEING.
 37456 | Vaults:4 | 37456 ||| FLEEEEING.
 37457 | Vaults:4 | 37457 ||| FLEEEEING.
 37458 | Vaults:4 | 37458 ||| FLEEEEING.
 37459 | Vaults:4 | 37459 ||| FLEEEEING.
 37462 | Vaults:4 | 37462 ||| FLEEEEING.
 37464 | Vaults:4 | 37464 ||| FLEEEEING.
 37465 | Vaults:4 | 37465 ||| FLEEEEING.
 37466 | Vaults:4 | 37466 ||| FLEEEEING.
 37467 | Vaults:4 | 37467 ||| FLEEEEING.
 37468 | Vaults:4 | 37468 ||| FLEEEEING.
 37470 | Vaults:4 | 37470 ||| STAIRDANCE
 37540 | Vaults:3 | 37540 ||| UPGRADING to +2 plate armour of willpower.
 37576 | Vaults:4 | 37576 ||| Stepping ~*~*~tactically~*~*~ (stealth).
 37624 | Vaults:4 | Received a gift from Okawaru
 37634 | Vaults:4 | Found Jaowaer's Magic Scroll Emporium.
 37640 | Vaults:4 | 37640 ||| BUYING scroll of enchant weapon (105 gold).
 37640 | Vaults:4 | Bought a scroll of enchant weapon for 105 gold pieces
 37640 | Vaults:4 | 37640 ||| BUYING scroll of teleportation (42 gold).
 37640 | Vaults:4 | Bought a scroll of teleportation for 42 gold pieces
 37640 | Vaults:4 | 37640 ||| BUYING scroll of teleportation (42 gold).
 37640 | Vaults:4 | Bought a scroll of teleportation for 42 gold pieces
 37704 | Vaults:4 | Reached skill level 18 in Fighting
 37753 | Vaults:4 | 37753 ||| DROPPING ring of see invisible.
 37765 | Vaults:4 | 37765 ||| FLEEEEING.
 37766 | Vaults:4 | 37766 ||| FLEEEEING.
 37947 | Vaults:4 | Found a transporter.
 38005 | Vaults:4 | 38005 ||| Stepping ~*~*~tactically~*~*~ (stealth).
 38207 | Vaults:4 | 38207 ||| Stepping ~*~*~tactically~*~*~ (hiding).
 38261 | Vaults:4 | 38261 ||| Stepping ~*~*~tactically~*~*~ (hiding).
 38318 | Vaults:4 | 38318 ||| PLANNING SWAMP:4
 38627 | Swamp:4  | Entered Level 4 of the Swamp
 38644 | Swamp:4  | 38644 ||| INVOKING Heroism.
 38702 | Swamp:4  | 38702 ||| Stepping ~*~*~tactically~*~*~ (stealth).
 38755 | Swamp:4  | 38755 ||| Stepping ~*~*~tactically~*~*~ (stealth).
 38759 | Swamp:4  | 38759 ||| Stepping ~*~*~tactically~*~*~ (stealth).
 38930 | Swamp:4  | 38930 ||| Stepping ~*~*~tactically~*~*~ (hiding).
 38972 | Swamp:4  | 38972 ||| Stepping ~*~*~tactically~*~*~ (hiding).
 38974 | Swamp:4  | 38974 ||| Stepping ~*~*~tactically~*~*~ (stealth).
 38975 | Swamp:4  | 38975 ||| Stepping ~*~*~tactically~*~*~ (stealth).
 39084 | Swamp:4  | 39084 ||| Stepping ~*~*~tactically~*~*~ (cloud).
 39112 | Swamp:4  | 39112 ||| Stepping ~*~*~tactically~*~*~ (stealth).
 39218 | Swamp:4  | 39218 ||| Stepping ~*~*~tactically~*~*~ (hiding).
 39394 | Swamp:4  | 39394 ||| Stepping ~*~*~tactically~*~*~ (stealth).
 39401 | Swamp:4  | 39401 ||| Stepping ~*~*~tactically~*~*~ (stealth).
 39402 | Swamp:4  | 39402 ||| Stepping ~*~*~tactically~*~*~ (stealth).
 39407 | Swamp:4  | 39407 ||| Stepping ~*~*~tactically~*~*~ (stealth).
 39426 | Swamp:4  | 39426 ||| Stepping ~*~*~tactically~*~*~ (hiding).
 39434 | Swamp:4  | Received a gift from Okawaru
 39504 | Swamp:4  | Got a decaying rune of Zot
 39506 | Swamp:4  | 39506 ||| PLANNING DEPTHS
 39561 | Swamp:4  | 39561 ||| PLANNING SWAMP:4
 39562 | Swamp:4  | 39562 ||| PLANNING DEPTHS
 39583 | Swamp:4  | 39583 ||| PLANNING SWAMP:4
 39584 | Swamp:4  | 39584 ||| PLANNING DEPTHS
 39603 | Swamp:4  | 39603 ||| PLANNING SWAMP:4
 39604 | Swamp:4  | 39604 ||| PLANNING DEPTHS
 39618 | Swamp:4  | 39618 ||| PLANNING SWAMP:4
 39618 | Swamp:4  | 39618 ||| READING 15 scrolls of teleportation.
 39619 | Swamp:4  | 39619 ||| PLANNING DEPTHS
 39891 | Depths:1 | Entered Level 1 of the Depths
 39908 | Depths:1 | 39908 ||| INVOKING Finesse.
 39920 | Depths:1 | 39920 ||| Stepping ~*~*~tactically~*~*~ (stealth).
 39930 | Depths:1 | 39930 ||| Stepping ~*~*~tactically~*~*~ (hiding).
 39991 | Depths:1 | Found a gateway to Hell.
 40006 | Depths:1 | Found Munaeffi's Merry Market.
 40017 | Depths:1 | 40017 ||| BUYING potion of magic (144 gold).
 40017 | Depths:1 | Bought a potion of magic for 144 gold pieces
 40017 | Depths:1 | 40017 ||| BUYING potion of might (72 gold).
 40017 | Depths:1 | Bought a potion of might for 72 gold pieces
 40017 | Depths:1 | 40017 ||| BUYING potion of mutation (144 gold).
 40017 | Depths:1 | Bought a potion of mutation for 144 gold pieces
 40028 | Depths:1 | 40028 ||| Stepping ~*~*~tactically~*~*~ (stealth).
 40029 | Depths:1 | 40029 ||| Stepping ~*~*~tactically~*~*~ (stealth).
 40032 | Depths:1 | 40032 ||| Stepping ~*~*~tactically~*~*~ (hiding).
 40035 | Depths:1 | 40035 ||| Stepping ~*~*~tactically~*~*~ (hiding).
 40045 | Depths:1 | 40045 ||| Stepping ~*~*~tactically~*~*~ (hiding).
 40046 | Depths:1 | 40046 ||| Stepping ~*~*~tactically~*~*~ (hiding).
 40056 | Depths:1 | Reached XP level 21. HP: 134/141 MP: 28/28
 40061 | Depths:1 | 40061 ||| INVOKING Heroism.
 40062 | Depths:1 | 40062 ||| INVOKING Finesse.
 40131 | Depths:1 | Found an opulent altar of Gozag.
 40139 | Depths:1 | Found Gozag's Platinum Reserve.
 40147 | Depths:1 | 40147 ||| SHOPLISTING +2 cloak of Vucsihum {rPois Int-5
                  | Slay+2} (2360 gold, have 62).
 40147 | Depths:1 | 40147 ||| SHOPLISTING amulet of Lyeh {Reflect Contam rElec
                  | Dex+5 SH+5 SInv} (5310 gold, have 62).
 40229 | Depths:1 | 40229 ||| Stepping ~*~*~tactically~*~*~ (hiding).
 40381 | Depths:1 | 40381 ||| INVOKING Heroism.
 40383 | Depths:1 | 40383 ||| INVOKING Finesse.
 40425 | Depths:1 | Found a one-way gate to the infinite horrors of the Abyss.
 40434 | Depths:1 | 40434 ||| Stepping ~*~*~tactically~*~*~ (stealth).
 40442 | Depths:1 | 40442 ||| INVOKING Heroism.
 40456 | Depths:1 | Reached skill level 19 in Fighting
 40570 | Depths:1 | 40570 ||| INVOKING Heroism.
 40780 | Depths:1 | You are sucked into a shaft and drop 1 floor!
 40903 | Depths:2 | 40903 ||| READING scroll of enchant armour.
 40903 | Depths:2 | 40903 ||| ENCHANTING +2 plate armour of willpower.
 40932 | Depths:2 | 40932 ||| Stepping ~*~*~tactically~*~*~ (hiding).
 40938 | Depths:2 | 40938 ||| INVOKING Heroism.
 40941 | Depths:2 | Received a gift from Okawaru
 40980 | Depths:2 | 40980 ||| INVOKING Finesse.
 41040 | Depths:2 | 41040 ||| INVOKING Heroism.
 41044 | Depths:2 | Received a gift from Okawaru
 41186 | Depths:2 | 41186 ||| INVOKING Heroism.
 41188 | Depths:2 | Received a gift from Okawaru
 41190 | Depths:2 | 41190 ||| INVOKING Finesse.
 41192 | Depths:2 | Reached skill level 18 in Armour
 41193 | Depths:2 | Noticed a caustic shrike
 41200 | Depths:2 | Killed a caustic shrike
 41200 | Depths:2 | Noticed a caustic shrike
 41201 | Depths:2 | Noticed a caustic shrike
 41201 | Depths:2 | Noticed a caustic shrike
 41201 | Depths:2 | Noticed a caustic shrike
 41202 | Depths:2 | Noticed a juggernaut
 41204 | Depths:2 | Noticed a caustic shrike
 41206 | Depths:2 | Killed a caustic shrike
 41209 | Depths:2 | Killed a caustic shrike
 41209 | Depths:2 | Received a gift from Okawaru
 41216 | Depths:2 | Reached skill level 6 in Dodging
 41216 | Depths:2 | Killed a caustic shrike
 41217 | Depths:2 | Noticed a caustic shrike
 41218 | Depths:2 | Killed a caustic shrike
 41222 | Depths:2 | Killed a juggernaut
 41222 | Depths:2 | HP: 32/144 [caustic shrike (7)]
 41223 | Depths:2 | 41223 ||| READING 14 scrolls of teleportation.
 41224 | Depths:2 | 41224 ||| DRINKING 7 potions of heal wounds.
 41225 | Depths:2 | Killed a caustic shrike
 41228 | Depths:2 | Killed a caustic shrike
 41229 | Depths:2 | HP: 27/144 [rakshasa/lance of force (23)]
 41230 | Depths:2 | 41230 ||| DRINKING 6 potions of heal wounds.
 41464 | Depths:2 | 41464 ||| DROPPING +3 plate armour.
 41697 | Depths:2 | 41697 ||| INVOKING Heroism.
 41714 | Depths:2 | 41714 ||| Stepping ~*~*~tactically~*~*~ (hiding).
 41716 | Depths:2 | 41716 ||| INVOKING Finesse.
 41829 | Depths:2 | Identified the +10 flail "Inarus" {heavy, rF++ Int-3}
 41834 | Depths:2 | Received a gift from Okawaru
 41843 | Depths:2 | 41843 ||| INVOKING Heroism.
 41844 | Depths:2 | 41844 ||| INVOKING Finesse.
 41866 | Depths:2 | 41866 ||| Stepping ~*~*~tactically~*~*~ (hiding).
 41881 | Depths:2 | 41881 ||| Stepping ~*~*~tactically~*~*~ (hiding).
 41882 | Depths:2 | 41882 ||| Stepping ~*~*~tactically~*~*~ (hiding).
 41884 | Depths:2 | 41884 ||| Stepping ~*~*~tactically~*~*~ (hiding).
 41885 | Depths:2 | 41885 ||| Stepping ~*~*~tactically~*~*~ (hiding).
 41890 | Depths:2 | 41890 ||| Stepping ~*~*~tactically~*~*~ (hiding).
 42014 | Depths:2 | Identified the +4 long sword "Wichu Tyrph" {drain, rN+
                  | rCorr Str-4}
 42078 | Depths:2 | Reached skill level 20 in Fighting
 42078 | Depths:2 | 42078 ||| FLEEEEING.
 42079 | Depths:2 | 42079 ||| FLEEEEING.
 42080 | Depths:2 | 42080 ||| FLEEEEING.
 42081 | Depths:2 | 42081 ||| FLEEEEING.
 42082 | Depths:2 | 42082 ||| FLEEEEING.
 42083 | Depths:2 | 42083 ||| FLEEEEING.
 42084 | Depths:2 | 42084 ||| FLEEEEING.
 42085 | Depths:2 | 42085 ||| FLEEEEING.
 42086 | Depths:2 | 42086 ||| FLEEEEING.
 42087 | Depths:2 | 42087 ||| FLEEEEING.
 42088 | Depths:2 | 42088 ||| FLEEEEING.
 42089 | Depths:2 | 42089 ||| FLEEEEING.
 42090 | Depths:2 | 42090 ||| Stepping ~*~*~tactically~*~*~ (hiding).
 42141 | Depths:2 | 42141 ||| Stepping ~*~*~tactically~*~*~ (hiding).
 42222 | Depths:2 | 42222 ||| INVOKING Heroism.
 42223 | Depths:2 | 42223 ||| INVOKING Finesse.
 42295 | Depths:2 | 42295 ||| Stepping ~*~*~tactically~*~*~ (hiding).
 42297 | Depths:2 | 42297 ||| INVOKING Heroism.
 42502 | Depths:2 | Found a one-way gate leading to the halls of Pandemonium.
 42540 | Depths:2 | Received a gift from Okawaru
 42622 | Depths:2 | Found a one-way gateway to a ziggurat.
 42651 | Depths:2 | Reached XP level 22. HP: 152/152 MP: 29/29
 42653 | Depths:2 | 42653 ||| INVOKING Heroism.
 42681 | Depths:3 | 42681 ||| Stepping ~*~*~tactically~*~*~ (hiding).
 42683 | Depths:3 | 42683 ||| Stepping ~*~*~tactically~*~*~ (hiding).
 42684 | Depths:3 | 42684 ||| Stepping ~*~*~tactically~*~*~ (hiding).
 42691 | Depths:3 | Received a gift from Okawaru
 42704 | Depths:3 | 42704 ||| INVOKING Finesse.
 42713 | Depths:3 | Noticed a caustic shrike
 42716 | Depths:3 | Noticed a caustic shrike
 42716 | Depths:3 | Noticed a caustic shrike
 42718 | Depths:3 | Noticed a caustic shrike
 42718 | Depths:3 | 42718 ||| STAIRDANCE
 42899 | Depths:3 | 42899 ||| STAIRDANCE
 42901 | Depths:2 | 42901 ||| INVOKING Heroism.
 42904 | Depths:2 | Killed a caustic shrike
 42904 | Depths:2 | Killed a caustic shrike
 42904 | Depths:2 | Received a gift from Okawaru
 42905 | Depths:2 | Reached skill level 21 in Shields
 42908 | Depths:2 | Killed a caustic shrike
 42908 | Depths:2 | Received a gift from Okawaru
 43128 | Depths:3 | 43128 ||| INVOKING Heroism.
 43134 | Depths:3 | Killed a caustic shrike
 43143 | Depths:3 | Received a gift from Okawaru
 43284 | Depths:3 | 43284 ||| Stepping ~*~*~tactically~*~*~ (stealth).
 43287 | Depths:3 | 43287 ||| INVOKING Heroism.
 43291 | Depths:3 | 43291 ||| INVOKING Finesse.
 43308 | Depths:3 | Received a gift from Okawaru
 43385 | Depths:3 | 43385 ||| Stepping ~*~*~tactically~*~*~ (hiding).
 43386 | Depths:3 | 43386 ||| Stepping ~*~*~tactically~*~*~ (hiding).
 43387 | Depths:3 | 43387 ||| Stepping ~*~*~tactically~*~*~ (hiding).
 43388 | Depths:3 | 43388 ||| Stepping ~*~*~tactically~*~*~ (hiding).
 43524 | Depths:3 | 43524 ||| Stepping ~*~*~tactically~*~*~ (hiding).
 43529 | Depths:3 | 43529 ||| Stepping ~*~*~tactically~*~*~ (hiding).
 43535 | Depths:3 | 43535 ||| INVOKING Heroism.
 43538 | Depths:3 | Received a gift from Okawaru
 43621 | Depths:3 | 43621 ||| Stepping ~*~*~tactically~*~*~ (stealth).
 43625 | Depths:3 | 43625 ||| INVOKING Heroism.
 43695 | Depths:3 | 43695 ||| INVOKING Heroism.
 44105 | Depths:4 | Entered Level 4 of the Depths
 44107 | Depths:4 | 44107 ||| Stepping ~*~*~tactically~*~*~ (hiding).
 44108 | Depths:4 | 44108 ||| Stepping ~*~*~tactically~*~*~ (hiding).
 44109 | Depths:4 | 44109 ||| Stepping ~*~*~tactically~*~*~ (hiding).
 44112 | Depths:4 | 44112 ||| INVOKING Heroism.
 44118 | Depths:4 | Received a gift from Okawaru
 44128 | Depths:4 | Reached skill level 21 in Fighting
 44132 | Depths:4 | 44132 ||| Stepping ~*~*~tactically~*~*~ (hiding).
 44133 | Depths:4 | 44133 ||| Stepping ~*~*~tactically~*~*~ (stealth).
 44135 | Depths:4 | 44135 ||| Stepping ~*~*~tactically~*~*~ (hiding).
 44150 | Depths:4 | 44150 ||| INVOKING Heroism.
 44156 | Depths:4 | 44156 ||| Stepping ~*~*~tactically~*~*~ (hiding).
 44157 | Depths:4 | HP: 24/155 [spriggan air mage/the air (20)]
 44158 | Depths:4 | 44158 ||| READING 14 scrolls of teleportation.
 44159 | Depths:4 | 44159 ||| DRINKING 5 potions of heal wounds.
 44161 | Depths:4 | Received a gift from Okawaru
 44162 | Depths:4 | 44162 ||| DRINKING 4 potions of heal wounds.
 44166 | Depths:4 | HP: 32/155 [fire giant/bolt of fire (17)]
 44167 | Depths:4 | 44167 ||| READING 13 scrolls of teleportation.
 44168 | Depths:4 | 44168 ||| DRINKING 3 potions of heal wounds.
 44174 | Depths:4 | 44174 ||| Stepping ~*~*~tactically~*~*~ (hiding).
 44179 | Depths:4 | Received a gift from Okawaru
 44186 | Depths:4 | 44186 ||| INVOKING Heroism.
 44195 | Depths:4 | HP: 34/155 [sphinx/divine providence (12)]
 44196 | Depths:4 | 44196 ||| READING 12 scrolls of teleportation.
 44197 | Depths:4 | 44197 ||| DRINKING 2 potions of heal wounds.
 44203 | Depths:4 | 44203 ||| Stepping ~*~*~tactically~*~*~ (hiding).
 44463 | Depths:4 | 44463 ||| INVOKING Heroism.
 44464 | Depths:4 | 44464 ||| INVOKING Finesse.
 44478 | Depths:4 | Received a gift from Okawaru
 44524 | Depths:4 | 44524 ||| INVOKING Heroism.
 44723 | Depths:4 | 44723 ||| Stepping ~*~*~tactically~*~*~ (hiding).
 44727 | Depths:4 | 44727 ||| INVOKING Heroism.
 44731 | Depths:4 | Noticed a golden dragon
 44732 | Depths:4 | Received a gift from Okawaru
 44745 | Depths:4 | Reached XP level 23. HP: 115/160 MP: 30/30
 44747 | Depths:4 | Killed a golden dragon
 44842 | Depths:4 | 44842 ||| Stepping ~*~*~tactically~*~*~ (stealth).
 44863 | Depths:4 | 44863 ||| INVOKING Heroism.
 44870 | Depths:4 | 44870 ||| Stepping ~*~*~tactically~*~*~ (hiding).
 45009 | Depths:4 | 45009 ||| DROPPING +1 chain mail of fire resistance.
 45010 | Depths:4 | 45010 ||| DROPPING +0 fire dragon scales.
 45011 | Depths:4 | 45011 ||| DROPPING +0 ice dragon scales.
 45016 | Depths:4 | 45016 ||| Stepping ~*~*~tactically~*~*~ (hiding).
 45025 | Depths:4 | Received a gift from Okawaru
 45539 | Depths:3 | 45539 ||| Stepping randomly (stuck).
 45558 | Depths:4 | Found a radiant altar of Vehumet.
 45574 | Depths:4 | Identified the +1 robe of Tuvoomaf {+Inv rElec Str+3 Int-5}
 45774 | Depths:4 | Found a portal to a secret trove of treasure.
 45850 | Depths:4 | 45850 ||| FLEEEEING.
 45851 | Depths:4 | 45851 ||| FLEEEEING.
 45852 | Depths:4 | 45852 ||| FLEEEEING.
 45853 | Depths:4 | 45853 ||| FLEEEEING.
 45858 | Depths:4 | 45858 ||| FLEEEEING.
 45859 | Depths:4 | 45859 ||| FLEEEEING.
 45860 | Depths:4 | 45860 ||| FLEEEEING.
 45861 | Depths:4 | 45861 ||| FLEEEEING.
 45862 | Depths:4 | 45862 ||| FLEEEEING.
 45863 | Depths:4 | 45863 ||| FLEEEEING.
 45864 | Depths:4 | 45864 ||| FLEEEEING.
 45865 | Depths:4 | 45865 ||| FLEEEEING.
 45866 | Depths:4 | 45866 ||| FLEEEEING.
 45867 | Depths:4 | 45867 ||| FLEEEEING.
 45868 | Depths:4 | 45868 ||| STAIRDANCE
 45970 | Depths:4 | 45970 ||| Stepping ~*~*~tactically~*~*~ (hiding).
 45973 | Depths:4 | 45973 ||| INVOKING Heroism.
 46084 | Depths:4 | Found a gate to the Realm of Zot.
 46140 | Depths:4 | 46140 ||| PLANNING VAULTS:5
 46441 | Vaults:5 | Entered Level 5 of the Vaults
 46443 | Vaults:5 | 46443 ||| INVOKING Heroism.
 46446 | Vaults:5 | Received a gift from Okawaru
 46447 | Vaults:5 | Reached skill level 12 in Throwing
 46450 | Vaults:5 | Received a gift from Okawaru
 46460 | Vaults:5 | Received a gift from Okawaru
 46475 | Vaults:5 | Identified the scarf of the New World {shadows, rC+}
                  | (Okawaru gifted it to you on level 5 of the Vaults)
 46475 | Vaults:5 | Received a gift from Okawaru
 46476 | Vaults:5 | Reached skill level 22 in Fighting
 46510 | Vaults:5 | 46510 ||| FLEEEEING.
 46511 | Vaults:5 | 46511 ||| STAIRDANCE
 46722 | Vaults:5 | 46722 ||| INVOKING Heroism.
 46740 | Vaults:5 | 46740 ||| Stepping ~*~*~tactically~*~*~ (hiding).
 46745 | Vaults:5 | 46745 ||| INVOKING Finesse.
 46902 | Vaults:5 | 46902 ||| INVOKING Heroism.
 47013 | Vaults:5 | 47013 ||| INVOKING Heroism.
 47139 | Vaults:5 | 47139 ||| Stepping ~*~*~tactically~*~*~ (stealth).
 47175 | Vaults:5 | 47175 ||| Stepping ~*~*~tactically~*~*~ (stealth).
 47178 | Vaults:5 | 47178 ||| INVOKING Heroism.
 47189 | Vaults:5 | 47189 ||| Stepping ~*~*~tactically~*~*~ (hiding).
 47261 | Vaults:5 | 47261 ||| INVOKING Heroism.
 47335 | Vaults:5 | 47335 ||| INVOKING Heroism.
 47336 | Vaults:5 | Noticed a dread lich
 47343 | Vaults:5 | Killed a dread lich
 47346 | Vaults:5 | Received a gift from Okawaru
 47480 | Vaults:5 | Found the +5 scythe "Finisher" {speed, execute}
 47480 | Vaults:5 | Found the +7 captain's cutlass {speed, disarm}
 47483 | Vaults:5 | Identified the +4 scale mail of Kustan {Dex+2}
 47502 | Vaults:5 | 47502 ||| INVOKING Heroism.
 47508 | Vaults:5 | Received a gift from Okawaru
 47602 | Vaults:5 | Identified the staff of air "Udghioh" {rElec rC- rCorr
                  | Str+2 Dex+3}
 47633 | Vaults:5 | Noticed a golden dragon
 47634 | Vaults:5 | 47634 ||| Stepping ~*~*~tactically~*~*~ (stealth).
 47636 | Vaults:5 | 47636 ||| Stepping ~*~*~tactically~*~*~ (hiding).
 47637 | Vaults:5 | 47637 ||| Stepping ~*~*~tactically~*~*~ (hiding).
 47641 | Vaults:5 | 47641 ||| INVOKING Heroism.
 47645 | Vaults:5 | Killed a golden dragon
 47687 | Vaults:5 | 47687 ||| INVOKING Heroism.
 47729 | Vaults:5 | Identified the +7 arbalest of Toxiy {flame, Fragile Will+
                  | Str+4 Dex+4}
 47750 | Vaults:5 | Identified the +1 ring mail of Ru, Growing {rF- Dex+4}
 47768 | Vaults:5 | 47768 ||| Stepping ~*~*~tactically~*~*~ (stealth).
 47791 | Vaults:5 | Identified the +2 leather armour "Yjoreej" {Stlth+}
 47806 | Vaults:5 | 47806 ||| INVOKING Heroism.
 47812 | Vaults:5 | Reached XP level 24. HP: 148/165 MP: 29/30
 47825 | Vaults:5 | Noticed a dread lich
 47826 | Vaults:5 | 47826 ||| Stepping ~*~*~tactically~*~*~ (hiding).
 47829 | Vaults:5 | 47829 ||| Stepping ~*~*~tactically~*~*~ (hiding).
 47832 | Vaults:5 | 47832 ||| Stepping ~*~*~tactically~*~*~ (hiding).
 47835 | Vaults:5 | Killed a dread lich
 47969 | Vaults:5 | 47969 ||| READING scroll of enchant armour.
 47969 | Vaults:5 | 47969 ||| ENCHANTING +3 plate armour of willpower.
 48004 | Vaults:5 | Noticed a dread lich
 48005 | Vaults:5 | 48005 ||| INVOKING Heroism.
 48012 | Vaults:5 | Killed a dread lich
 48012 | Vaults:5 | Received a gift from Okawaru
 48058 | Vaults:5 | Identified the +7 arbalest of Broken Luck {penet, Int+6}
 48095 | Vaults:5 | Got a silver rune of Zot
 48209 | Vaults:5 | Received a gift from Okawaru
 48246 | Vaults:5 | Identified the +7 plate armour "Duydyth" {rC+ Will+ Int-3}
 48251 | Vaults:5 | Identified the +5 longbow "Ogreslayer" {elec, rPois rC+}
 48263 | Vaults:5 | 48263 ||| Stepping ~*~*~tactically~*~*~ (hiding).
 48273 | Vaults:5 | 48273 ||| Stepping ~*~*~tactically~*~*~ (stealth).
 48275 | Vaults:5 | 48275 ||| Stepping ~*~*~tactically~*~*~ (hiding).
 48278 | Vaults:5 | 48278 ||| INVOKING Heroism.
 48328 | Vaults:5 | Identified the +7 scimitar of the Aged Allies {venom, rN+
                  | Int+3}
 48384 | Vaults:5 | 48384 ||| PLANNING SHOPPING SPREE
 48384 | Vaults:5 | 48384 ||| UPGRADING to +2 tower shield of fire resistance.
 48394 | Vaults:5 | 48394 ||| DROPPING +8 chain mail of ponderousness.
 48395 | Vaults:5 | 48395 ||| DROPPING +2 tower shield.
 48396 | Vaults:5 | 48396 ||| DROPPING +1 cloak.
 48397 | Vaults:5 | 48397 ||| UPGRADING to +7 plate armour "Duydyth" {rC+ Will+
                  | Int-3}.
 48407 | Vaults:5 | 48407 ||| DROPPING +4 plate armour of willpower.
 48408 | Vaults:5 | 48408 ||| DROPPING +1 plate armour of fire resistance.
 48409 | Vaults:5 | 48409 ||| DROPPING amulet of magic regeneration.
 48769 | D:4      | 48769 ||| BUYING potion of might (52 gold).
 48769 | D:4      | Bought a potion of might for 52 gold pieces
 48769 | D:4      | 48769 ||| BUYING potion of mutation (104 gold).
 48769 | D:4      | Bought a potion of mutation for 104 gold pieces
 48769 | D:4      | 48769 ||| BUYING potion of mutation (104 gold).
 48769 | D:4      | Bought a potion of mutation for 104 gold pieces
 48872 | D:5      | 48872 ||| BUYING embroidered scarf (216 gold).
 48872 | D:5      | Bought an embroidered scarf for 216 gold pieces
 48872 | D:5      | 48872 ||| DROPPING scarf of repulsion.
 48940 | D:4      | 48940 ||| BUYING scroll of brand weapon (123 gold).
 48940 | D:4      | Bought a scroll of brand weapon for 123 gold pieces
 48940 | D:4      | 48940 ||| CLEARING SHOPPING LIST
 48940 | D:4      | 48940 ||| PLANNING ZOT:1-4
 49270 | Zot:1    | Entered Level 1 of the Realm of Zot
 49290 | Zot:1    | 49290 ||| INVOKING Heroism.
 49297 | Zot:1    | Received a gift from Okawaru
 49321 | Zot:1    | 49321 ||| FLEEEEING.
 49322 | Zot:1    | 49322 ||| FLEEEEING.
 49323 | Zot:1    | 49323 ||| FLEEEEING.
 49324 | Zot:1    | 49324 ||| FLEEEEING.
 49325 | Zot:1    | 49325 ||| FLEEEEING.
 49326 | Zot:1    | 49326 ||| FLEEEEING.
 49335 | Zot:1    | 49335 ||| STAIRDANCE
 49422 | Zot:1    | 49422 ||| INVOKING Heroism.
 49434 | Zot:1    | Reached skill level 23 in Fighting
 49582 | Zot:1    | 49582 ||| FLEEEEING.
 49583 | Zot:1    | 49583 ||| FLEEEEING.
 49584 | Zot:1    | 49584 ||| FLEEEEING.
 49585 | Zot:1    | 49585 ||| FLEEEEING.
 49586 | Zot:1    | 49586 ||| FLEEEEING.
 49587 | Zot:1    | 49587 ||| FLEEEEING.
 49588 | Zot:1    | 49588 ||| FLEEEEING.
 49589 | Zot:1    | 49589 ||| FLEEEEING.
 49590 | Zot:1    | 49590 ||| FLEEEEING.
 49591 | Zot:1    | 49591 ||| FLEEEEING.
 49592 | Zot:1    | 49592 ||| FLEEEEING.
 49593 | Zot:1    | 49593 ||| FLEEEEING.
 49594 | Zot:1    | 49594 ||| FLEEEEING.
 49595 | Zot:1    | 49595 ||| FLEEEEING.
 49600 | Zot:1    | 49600 ||| STAIRDANCE
 49712 | Zot:1    | 49712 ||| Stepping ~*~*~tactically~*~*~ (hiding).
 49716 | Zot:1    | 49716 ||| Stepping ~*~*~tactically~*~*~ (hiding).
 49767 | Zot:1    | 49767 ||| Stepping ~*~*~tactically~*~*~ (stealth).
 49768 | Zot:1    | 49768 ||| Stepping ~*~*~tactically~*~*~ (stealth).
 49880 | Zot:1    | Reached skill level 21 in Armour
 49920 | Zot:1    | Found a radiant altar of Vehumet.
 50264 | Zot:1    | 50264 ||| INVOKING Heroism.
 50268 | Zot:1    | Received a gift from Okawaru
 50343 | Zot:1    | Paralysed by you for 3 turns
 50369 | Zot:1    | 50369 ||| Stepping ~*~*~tactically~*~*~ (hiding).
 50480 | Zot:1    | Noticed a curse toe
 50481 | Zot:1    | 50481 ||| INVOKING Heroism.
 50502 | Zot:1    | Killed a curse toe
 50656 | Zot:1    | 50656 ||| Stepping ~*~*~tactically~*~*~ (hiding).
 50691 | Zot:1    | Noticed a curse toe
 50692 | Zot:1    | 50692 ||| Stepping ~*~*~tactically~*~*~ (stealth).
 50694 | Zot:1    | 50694 ||| INVOKING Heroism.
 50700 | Zot:1    | Killed a curse toe
 50783 | Zot:1    | Noticed a curse toe
 50784 | Zot:1    | 50784 ||| INVOKING Heroism.
 50789 | Zot:1    | Killed a curse toe
 50925 | Zot:1    | 50925 ||| Stepping ~*~*~tactically~*~*~ (stealth).
 50929 | Zot:1    | Identified the +2 scale mail of Pessimism {Rampage}
 50934 | Zot:1    | 50934 ||| Stepping ~*~*~tactically~*~*~ (stealth).
 50935 | Zot:1    | Received a gift from Okawaru
 51181 | Zot:1    | 51181 ||| INVOKING Heroism.
 51275 | Zot:1    | 51275 ||| DROPPING +2 pair of boots of stealth.
 51312 | Zot:2    | 51312 ||| INVOKING Heroism.
 51315 | Zot:2    | Received a gift from Okawaru
 51335 | Zot:2    | 51335 ||| STAIRDANCE
 51611 | Zot:2    | 51611 ||| INVOKING Heroism.
 51654 | Zot:2    | 51654 ||| FLEEEEING.
 51656 | Zot:2    | 51656 ||| FLEEEEING.
 51657 | Zot:2    | 51657 ||| FLEEEEING.
 51658 | Zot:2    | 51658 ||| FLEEEEING.
 51659 | Zot:2    | 51659 ||| STAIRDANCE
 51875 | Zot:2    | 51875 ||| STAIRDANCE
 51988 | Zot:2    | 51988 ||| STAIRDANCE
 52105 | Zot:2    | Noticed a Killer Klown
 52106 | Zot:2    | 52106 ||| INVOKING Heroism.
 52110 | Zot:2    | Received a gift from Okawaru
 52121 | Zot:2    | Killed a Killer Klown
 52179 | Zot:2    | 52179 ||| INVOKING Heroism.
 52182 | Zot:2    | Received a gift from Okawaru
 52186 | Zot:2    | Reached skill level 24 in Fighting
 52199 | Zot:2    | HP: 37/173 [something/bolt of lightning (9)]
 52201 | Zot:2    | Received a gift from Okawaru
 52204 | Zot:2    | HP: 32/173 [something/bolt of lightning (6)]
 52208 | Zot:2    | 52208 ||| READING 14 scrolls of teleportation.
 52209 | Zot:2    | 52209 ||| DRINKING 5 potions of heal wounds.
 52210 | Zot:2    | HP: 39/173 [tentacled monstrosity (12)]
 52211 | Zot:2    | 52211 ||| DRINKING 4 potions of heal wounds.
 52218 | Zot:2    | 52218 ||| Stepping ~*~*~tactically~*~*~ (stealth).
 52251 | Zot:2    | Noticed an orb of fire
 52252 | Zot:2    | 52252 ||| DRINKING 2 potions of resistance.
 52252 | Zot:2    | HP: 41/173 [yellow draconian annihilator/glob of acid[a
                  | black draconian knight] (8)]
 52253 | Zot:2    | 52253 ||| READING 13 scrolls of teleportation.
 52254 | Zot:2    | 52254 ||| DRINKING 3 potions of heal wounds.
 52255 | Zot:2    | 52255 ||| INVOKING Heroism.
 52256 | Zot:2    | Gained mutation: Your spells are a little easier to cast,
                  | but a little less powerful. [an orb of fire]
 52259 | Zot:2    | Gained mutation: You sometimes lose your temper in combat.
                  | [an orb of fire]
 52262 | Zot:2    | Gained mutation: You have hidden genetic defects. [an orb
                  | of fire]
 52263 | Zot:2    | Gained mutation: Armour fits poorly on your strangely
                  | shaped body. [an orb of fire]
 52264 | Zot:2    | Gained mutation: You are dopey. (Int -2) [an orb of fire]
 52304 | Zot:2    | 52304 ||| INVOKING Heroism.
 52323 | Zot:2    | Killed an orb of fire
 52329 | Zot:2    | HP: 38/173 [yellow draconian annihilator/bolt of
                  | lightning[a black draconian knight] (12)]
 52330 | Zot:2    | 52330 ||| READING 12 scrolls of teleportation.
 52331 | Zot:2    | 52331 ||| DRINKING 2 potions of heal wounds.
 52332 | Zot:2    | 52332 ||| DRINKING potion of heal wounds.
 52336 | Zot:2    | 52336 ||| Stepping ~*~*~tactically~*~*~ (hiding).
 52338 | Zot:2    | 52338 ||| INVOKING Heroism.
 52347 | Zot:2    | Reached XP level 25. HP: 59/178 MP: 30/30
 52353 | Zot:2    | HP: 41/178 [golden dragon (11)]
 52354 | Zot:2    | 52354 ||| READING 11 scrolls of teleportation.
 52357 | Zot:2    | 52357 ||| READING 10 scrolls of teleportation.
 52381 | Zot:2    | 52381 ||| Stepping ~*~*~tactically~*~*~ (stealth).
 52383 | Zot:2    | 52383 ||| INVOKING Heroism.
 52386 | Zot:2    | 52386 ||| READING 9 scrolls of teleportation.
 52388 | Zot:2    | 52388 ||| FLEEEEING.
 52389 | Zot:2    | 52389 ||| FLEEEEING.
 52390 | Zot:2    | 52390 ||| FLEEEEING.
 52391 | Zot:2    | 52391 ||| FLEEEEING.
 52394 | Zot:2    | 52394 ||| FLEEEEING.
 52395 | Zot:2    | 52395 ||| FLEEEEING.
 52668 | Zot:2    | 52668 ||| DRINKING 5 potions of mutation.
 52668 | Zot:2    | Lost mutation: You have hidden genetic defects. [potion of
                  | mutation]
 52668 | Zot:2    | Lost mutation: Your spells are a little easier to cast, but
                  | a little less powerful. [potion of mutation]
 52668 | Zot:2    | Gained mutation: You are agile. (Dex +4, Str/Int -1)
                  | [potion of mutation]
 52669 | Zot:2    | 52669 ||| DRINKING 4 potions of mutation.
 52669 | Zot:2    | Lost mutation: You sometimes lose your temper in combat.
                  | [potion of mutation]
 52669 | Zot:2    | Lost mutation: You are dopey. (Int -2) [potion of mutation]
 52669 | Zot:2    | Lost mutation: You are agile. (Dex +4, Str/Int -1) [potion
                  | of mutation]
 52669 | Zot:2    | Gained mutation: Your mind is acute. (Int +4, Str/Dex -1)
                  | [potion of mutation]
 52670 | Zot:2    | 52670 ||| DRINKING 3 potions of mutation.
 52670 | Zot:2    | Lost mutation: Armour fits poorly on your strangely shaped
                  | body. [potion of mutation]
 52670 | Zot:2    | Lost mutation: Your mind is acute. (Int +4, Str/Dex -1)
                  | [potion of mutation]
 52670 | Zot:2    | Gained mutation: You occasionally lose the ability to read
                  | scrolls when taking damage. [potion of mutation]
 52670 | Zot:2    | Gained mutation: You have hidden genetic defects. [potion
                  | of mutation]
 52671 | Zot:2    | 52671 ||| DRINKING 2 potions of mutation.
 52671 | Zot:2    | Lost mutation: You occasionally lose the ability to read
                  | scrolls when taking damage. [potion of mutation]
 52671 | Zot:2    | Lost mutation: You have hidden genetic defects. [potion of
                  | mutation]
 52671 | Zot:2    | Gained mutation: You occasionally lose the ability to read
                  | scrolls when taking damage. [potion of mutation]
 52671 | Zot:2    | Gained mutation: You possess an exceptional clarity of
                  | mind. [potion of mutation]
 52672 | Zot:2    | 52672 ||| DRINKING potion of mutation.
 52672 | Zot:2    | Lost mutation: You occasionally lose the ability to read
                  | scrolls when taking damage. [potion of mutation]
 52672 | Zot:2    | Lost mutation: You possess an exceptional clarity of mind.
                  | [potion of mutation]
 52672 | Zot:2    | Gained mutation: Armour fits poorly on your strangely
                  | shaped body. [potion of mutation]
 52699 | Zot:2    | 52699 ||| DRINKING potion of mutation.
 52699 | Zot:2    | Lost mutation: Armour fits poorly on your strangely shaped
                  | body. [potion of mutation]
 52699 | Zot:2    | Gained mutation: You are partially covered in iridescent
                  | scales. (AC +2) [potion of mutation]
 52699 | Zot:2    | Gained mutation: You are frail. (-10% HP) [potion of
                  | mutation]
 52699 | Zot:2    | Gained mutation: You have large cloven feet. [potion of
                  | mutation]
 52765 | Zot:2    | 52765 ||| Stepping ~*~*~tactically~*~*~ (hiding).
 52767 | Zot:2    | 52767 ||| Stepping ~*~*~tactically~*~*~ (hiding).
 52768 | Zot:2    | 52768 ||| Stepping ~*~*~tactically~*~*~ (hiding).
 52770 | Zot:2    | 52770 ||| Stepping ~*~*~tactically~*~*~ (hiding).
 52918 | Zot:2    | 52918 ||| FLEEEEING.
 52919 | Zot:2    | 52919 ||| FLEEEEING.
 52920 | Zot:2    | 52920 ||| FLEEEEING.
 52921 | Zot:2    | 52921 ||| FLEEEEING.
 52922 | Zot:2    | 52922 ||| FLEEEEING.
 52930 | Zot:2    | 52930 ||| FLEEEEING.
 53196 | Zot:3    | 53196 ||| INVOKING Heroism.
 53206 | Zot:3    | 53206 ||| Stepping ~*~*~tactically~*~*~ (stealth).
 53207 | Zot:3    | Noticed a Killer Klown
 53223 | Zot:3    | Killed a Killer Klown
 53223 | Zot:3    | Received a gift from Okawaru
 53272 | Zot:3    | 53272 ||| Stepping ~*~*~tactically~*~*~ (hiding).
 53274 | Zot:3    | 53274 ||| INVOKING Heroism.
 53421 | Zot:3    | 53421 ||| INVOKING Heroism.
 53427 | Zot:3    | Received a gift from Okawaru
 53473 | Zot:3    | 53473 ||| Stepping ~*~*~tactically~*~*~ (hiding).
 53475 | Zot:3    | 53475 ||| Stepping ~*~*~tactically~*~*~ (hiding).
 53520 | Zot:3    | 53520 ||| FLEEEEING.
 53534 | Zot:3    | 53534 ||| Stepping ~*~*~tactically~*~*~ (hiding).
 53541 | Zot:3    | 53541 ||| Stepping ~*~*~tactically~*~*~ (hiding).
 53550 | Zot:3    | 53550 ||| FLEEEEING.
 53554 | Zot:3    | 53554 ||| FLEEEEING.
 53555 | Zot:3    | 53555 ||| FLEEEEING.
 53556 | Zot:3    | 53556 ||| FLEEEEING.
 53557 | Zot:3    | 53557 ||| FLEEEEING.
 53558 | Zot:3    | 53558 ||| FLEEEEING.
 53559 | Zot:3    | 53559 ||| FLEEEEING.
 53560 | Zot:3    | 53560 ||| FLEEEEING.
 53561 | Zot:3    | 53561 ||| FLEEEEING.
 53562 | Zot:3    | 53562 ||| FLEEEEING.
 53563 | Zot:3    | 53563 ||| FLEEEEING.
 53564 | Zot:3    | 53564 ||| FLEEEEING.
 53565 | Zot:3    | 53565 ||| FLEEEEING.
 53566 | Zot:3    | 53566 ||| FLEEEEING.
 53567 | Zot:3    | 53567 ||| FLEEEEING.
 53568 | Zot:3    | 53568 ||| FLEEEEING.
 53569 | Zot:3    | 53569 ||| FLEEEEING.
 53570 | Zot:3    | 53570 ||| FLEEEEING.
 53571 | Zot:3    | 53571 ||| FLEEEEING.
 53572 | Zot:3    | 53572 ||| FLEEEEING.
 53573 | Zot:3    | 53573 ||| FLEEEEING.
 53574 | Zot:3    | 53574 ||| FLEEEEING.
 53575 | Zot:3    | 53575 ||| FLEEEEING.
 53576 | Zot:3    | 53576 ||| FLEEEEING.
 53577 | Zot:3    | 53577 ||| FLEEEEING.
 53578 | Zot:3    | 53578 ||| FLEEEEING.
 53579 | Zot:3    | 53579 ||| FLEEEEING.
 53580 | Zot:3    | 53580 ||| FLEEEEING.
 53581 | Zot:3    | 53581 ||| FLEEEEING.
 53582 | Zot:3    | 53582 ||| FLEEEEING.
 53583 | Zot:3    | 53583 ||| FLEEEEING.
 53584 | Zot:3    | 53584 ||| FLEEEEING.
 53585 | Zot:3    | 53585 ||| FLEEEEING.
 53586 | Zot:3    | 53586 ||| FLEEEEING.
 53587 | Zot:3    | 53587 ||| FLEEEEING.
 53588 | Zot:3    | 53588 ||| FLEEEEING.
 53592 | Zot:3    | 53592 ||| FLEEEEING.
 53593 | Zot:3    | 53593 ||| INVOKING Heroism.
 53599 | Zot:3    | HP: 33/160 [black draconian knight/bolt of lightning[a
                  | yellow draconian annihilator] (15)]
 53600 | Zot:3    | 53600 ||| READING 8 scrolls of teleportation.
 53617 | Zot:3    | 53617 ||| READING 7 scrolls of teleportation.
 53619 | Zot:3    | HP: 16/160 [golden dragon (10)]
 53620 | Zot:3    | Received a gift from Okawaru
 53629 | Zot:3    | 53629 ||| READING 6 scrolls of teleportation.
 53631 | Zot:3    | HP: 11/161 [purple draconian shifter/+0 short sword (10)]
 53632 | Zot:3    | 53632 ||| READING 5 scrolls of teleportation.
 53633 | Zot:3    | 53633 ||| INVOKING Heroism.
 53638 | Zot:3    | HP: 5/161 [green draconian monk (9)]
 53639 | Zot:3    | Slain by a green draconian monk

Levels and vault maps discovered:
D:1:      dpeg_arrival_signposts, layout_basic
D:2:      layout_loops_ring, minmay_split_cup_small, uniq_crazy_yiuf_cottage
D:3:      layout_loops_ring, lemuel_doored_altar, gup_sewer_entry_bowl,
          kennysheep_generic_room_10, uniq_ijyb
D:4:      layout_layer_cave, kennysheep_mini_moat,
          nicolae_elyvilon_peaceful_grove, nicolae_overflow_hidden_temple,
          serial_shops, nicolae_shop_getting_attention, nicolae_shop_trees,
          uniq_pikel, uniq_edmund
D:5:      layout_layer_cave, grunt_temple_overflow_open,
          minmay_temple_entry_crystal_x, serial_shops, shop, minmay_manual_mares
D:6:      layout_loops_ring, pdpol_temple_overflow_zin_treasury_gozag_greed,
          kennysheep_slug_shrine, kennysheep_generic_room_11,
          uniq_prince_ribbit1
D:7:      layout_loops_corners, mainiacjoe_overflow_six_doors_small,
          kennysheep_dice, uniq_menkaure
D:8:      layout_layer_cave, nicolae_uskayaw_en_pointe,
          nicolae_underground_beach
D:9:      layout_long_grid, minmay_sticks_and_stones
D:10:     minmay_the_grid_plus [minmay_the_grid_aliased_spiral,
          minmay_the_grid_large_cup, minmay_the_grid_zigzag_pyramid,
          minmay_the_grid_diamond_grid,
          minmay_the_grid_prize_four_corners_diamond_a], layout_long_grid,
          amcnicky_altar_gilded, uniq_maurice
D:11:     minmay_skewed_foursquare, layout_small_grid, david_lair_generic,
          david_orc_3, gauntlet_entry_generic, grunt_qazlal_clouds
D:12:     layout_loops_ring, serial_glass, glass_columns_a, glass_columns_b,
          gammafunk_ghost_nasty_kobolds, minivault_13
D:13:     layout_long_grid, trog_three_pillars_becter
D:14:     layout_roguey, grunt_vaults_entry_fortified,
          nicolae_elevator_lobby_asterisk, uniq_nessos
D:15:     gammafunk_depths_entry_grave, layout_rooms, dreamdust_princess_bridge,
          grunt_ministairs_3, chequers_mini_garden
Temple:   hellmonk_temple_micro_hex
Lair:1:   layout_hall_layers, grunt_megastairs_3, uniq_grum, uniq_gastronok
Lair:2:   layout_regular_city, dummy_spider_entry
Lair:3:   layout_regular_city, swamp_mist_pool, evilmike_ambush
          [evilmike_ambush_outer_corners, evilmike_ambush_inner_basic]
Lair:4:   beast_lair_carwin_large_1, layout_gridlike, serial_bayou_shore_b,
          grunt_megastairs_4
Lair:5:   due_jungle_book, layout_layer_cave, nicolae_slime_entry_slimehenge
Swamp:1:  layout_falls_marsh, evilmike_swamp_ruin_house_6
Swamp:2:  layout_basic_swamp, lemuel_altar_in_water
Swamp:3:  layout_basic_swamp, gammafunk_ghost_split, nicolae_swamp_triple_paths,
          infiniplex_staircase_pool, uniq_roxanne, uniq_mlioglotl, uniq_nikola
Swamp:4:  swamp_icy, layout_basic_swamp
Spider:1: layout_spider_delve
Spider:2: layout_cave_pods, uniq_louise, uniq_arachne
Spider:3: layout_spider_delve, drop_trap
Spider:4: spider_rune_water, ebering_ghost_rock_garden, guppyfry_spider_mini_3,
          uniq_asterion, uniq_kirke
Orc:1:    layout_caves, basic_altar
Orc:2:    st_orc_open, layout_caves, portal_ice_cave_demonic_guard,
          serial_shops, bzr_entry_gold
Vaults:1: nicolae_vaults_disjoint_gnomons, nicolae_vaults_circle_grid_b,
          nicolae_vaults_house_3, nicolae_vaults_big_angled_halls,
          vaults_room_pools, hangedman_vaults_unwind, nicolae_vaults_mitosis,
          nicolae_vaults_network_s, nicolae_vaults_mini_display_case,
          nicolae_vaults_layer_cake_slice, v_pattern_2,
          nicolae_vaults_tetromino_T_2, v_alt_pattern_4, layout_vaults_omnibox,
          serial_shops, shop
Vaults:2: nicolae_vaults_cochlea, nicolae_vaults_network_periphery,
          vaults_room_fours, v_rooms_6, minmay_crypt_entry_necro_gods,
          hangedman_vaults_restitches, nicolae_vaults_tetromino_T_1,
          v_alt_pattern_6, nicolae_vaults_tetromino_T_2,
          vaults_room_stairs_pillars, nicolae_vaults_three_branches,
          ontoclasm_vaults_misaligned, nicolae_vaults_apartment_2,
          layout_vaults_big_room, uniq_margery
Vaults:3: grunt_vaults_funneled_arena, v_misc_8, hangedman_vaults_nails,
          v_misc_2, hangedman_vaults_capsules, nicolae_vaults_circle_grid_a,
          v_rooms_5, dpeg_vaults_monster_row, nicolae_vaults_frosty_reception,
          nicolae_vaults_little_squares_5, nicolae_vaults_trapezoid_4,
          nicolae_vaults_layer_cake_slice, nicolae_vaults_tetromino_T_2,
          vaults_dpeg_diagonal, nicolae_vaults_two_Ls,
          layout_vaults_maze_snakey, serial_shops, shop
Vaults:4: infiniplex_enter_wizlab_water, emtedronai_trogs_sanctum,
          v_alt_pattern_4, hangedman_vaults_trim, v_alt_pattern_4,
          nicolae_vaults_tetromino_T_1, nicolae_vaults_asterisk,
          vaults_room_corners, hangedman_vaults_nails, nicolae_vaults_wrenched,
          vaults_room_pool, nicolae_vaults_closet_pinwheel_5,
          nicolae_vaults_storage_room_glass, layout_vaults_omnicross,
          serial_shops, nicolae_shop_trees
Vaults:5
Depths:1: layout_gridlike, kennysheep_cross_room, hangedman_coc_ice_floe,
          hangedman_abyss_entry_splay, nicolae_alphabet_shops,
          nicolae_gozag_zags_fifth_avenue, serial_bayou_shore_b
Depths:2: grunt_runaround [grunt_runaround_doors_1, grunt_runaround_doors_2,
          grunt_runaround_doors_3, grunt_runaround_doors_4,
          grunt_runaround_loot], hell_entry, pan_entry
Depths:3: kennysheep_ogre_elephant_herders, layout_cave_pools, abyss_entry,
          hell_entry, pan_entry, serial_bayou_shore_a, firewood_loft
Depths:4: evilmike_zot_entry_hall, layout_cave_shapes,
          nicolae_trove_entry_diagonal, pf_hell_entry_tar_spiral,
          nicolae_abyss_entry_one_way_or_another, serial_bayou,
          serial_bayou_lake_a, serial_bayou_pond_b, serial_bayou_pond_e,
          serial_bayou_shore_b, serial_bayou_shore_b, nicolae_vehumet_radiance
Zot:1:    gammafunk_mikee_crab_dinner, layout_basic, basic_altar
Zot:2:    layout_onion_interference, grunt_megastairs_1
Zot:3:    layout_onion_interference, grunt_megastairs_5

Skill      XL: |  1  2  3  4  5  6  7  8  9 10 11 12 13 14 15 16 17 18 19 20 21 22 23 24 25 |
---------------+----------------------------------------------------------------------------+-----
Axes           | 2 3 4 5 8 9 11 12 13 14 16 18 | 18.0
Throwing       | 1 2 3 4 5 7 8 10 11 13 14 | 14.0
Fighting       | 4 6 7 8 9 10 11 12 13 15 17 18 20 21 22 24 | 24.2
Dodging        | 1 2 3 4 5 6 7 8 |  8.1
Armour         | 5 7 8 9 10 11 12 14 15 17 18 19 20 21 22 | 22.0
Shields        | 4 5 6 7 8 9 10 15 18 19 20 21 22 | 22.0
Invocations    | 4 6 10 | 10.0

Action                     |  1- 3 |  4- 6 |  7- 9 | 10-12 | 13-15 | 16-18 | 19-21 | 22-24 | 25-27 || total
---------------------------+-------+-------+-------+-------+-------+-------+-------+-------+-------++-------
  Melee: War axe           |    75 |   111 |   168 |   473 |    88 |       |       |       |       ||   915
         Morningstar       |       |       |       |    22 |    14 |       |       |       |       ||    36
         Broad axe         |       |       |       |       |   571 |   628 |   702 |   661 |   112 ||  2674
         Eveningstar       |       |       |       |       |       |    12 |       |       |       ||    12
  Throw: Boomerang         |     3 |    48 |    25 |    62 |       |   206 |   207 |    40 |       ||   591
         Javelin           |       |       |    45 |    17 |     8 |   121 |    82 |   140 |    12 ||   425
 Invoke: Heroism           |       |       |     3 |    19 |    22 |    32 |    19 |    42 |     6 ||   143
         Finesse           |       |       |       |     3 |     6 |    10 |    11 |     4 |       ||    34
    Use: Scroll            |     2 |     1 |    13 |     9 |     6 |     5 |     4 |     7 |     7 ||    54
         Potion            |       |       |     2 |     1 |     1 |       |     3 |    10 |     6 ||    23
   Stab: Distracted        |       |       |       |       |     4 |    14 |    15 |    20 |     5 ||    58
 Armour: Scale mail        |    40 |    55 |    52 |       |       |       |       |       |       ||   147
         Chain mail        |       |       |    28 |    54 |       |       |       |       |       ||    82
         Plate armour      |       |       |       |   176 |   230 |   246 |   176 |   236 |    55 ||  1119
         Ring mail         |       |       |       |       |    28 |       |       |       |       ||    28
  Dodge: Dodged            |    17 |    44 |    56 |   219 |   279 |   189 |   133 |   200 |    34 ||  1171
  Block: Buckler           |    17 |    58 |    92 |   202 |   250 |    47 |       |       |       ||   666
         Reflection        |       |     4 |     8 |    12 |    20 |       |       |       |       ||    44
         Tower shield      |       |       |       |       |       |   269 |   367 |   432 |    89 ||  1157

Table legend:
 A = Non-vault XP
 B = Vault XP
 C = Vault XP percentage of total XP
 D = Non-vault monster count
 E = Vault monster count
 F = Vault count percentage of total count
                 A         B        C        D         E       F
            +---------+---------+-------+---------+---------+-------
      Total |  550707 |  459705 |  45.5 |    1095 |     609 |  35.7
            +---------+---------+-------+---------+---------+-------
        D:1 |      22 |       0 |   0.0 |      12 |       0 |   0.0
        D:2 |      71 |       5 |   6.6 |      16 |       3 |  15.8
        D:3 |     164 |      57 |  25.8 |      20 |       4 |  16.7
        D:4 |     258 |     791 |  75.4 |      10 |       2 |  16.7
        D:5 |     856 |     222 |  20.6 |      29 |       2 |   6.5
        D:6 |     706 |     385 |  35.3 |       9 |       3 |  25.0
        D:7 |     978 |     313 |  24.2 |      17 |       3 |  15.0
        D:8 |    1055 |       0 |   0.0 |      19 |       0 |   0.0
        D:9 |     986 |     481 |  32.8 |      27 |       1 |   3.6
       D:10 |    1076 |    6080 |  85.0 |       8 |      16 |  66.7
       D:11 |    3411 |    1469 |  30.1 |       9 |      11 |  55.0
       D:12 |    2579 |     247 |   8.7 |      22 |       1 |   4.3
       D:13 |   10069 |       0 |   0.0 |      24 |       0 |   0.0
       D:14 |    6792 |    7711 |  53.2 |      19 |      11 |  36.7
       D:15 |    3915 |    6437 |  62.2 |       9 |      11 |  55.0
     Lair:1 |    2563 |    4038 |  61.2 |      11 |      14 |  56.0
     Lair:2 |    9288 |       0 |   0.0 |      40 |       0 |   0.0
     Lair:3 |    7028 |    1088 |  13.4 |      21 |       4 |  16.0
     Lair:4 |    5385 |    5935 |  52.4 |      26 |      15 |  36.6
     Lair:5 |    9226 |   15709 |  63.0 |      26 |      32 |  55.2
    Swamp:1 |    9771 |       0 |   0.0 |      26 |       0 |   0.0
    Swamp:2 |    8558 |       0 |   0.0 |      16 |       0 |   0.0
    Swamp:3 |   11831 |    5545 |  31.9 |      21 |       3 |  12.5
    Swamp:4 |   14929 |    6677 |  30.9 |      23 |      29 |  55.8
   Spider:1 |   16581 |       0 |   0.0 |      46 |       0 |   0.0
   Spider:2 |   10685 |    3438 |  24.3 |      31 |       2 |   6.1
   Spider:3 |   23781 |       0 |   0.0 |      55 |       0 |   0.0
   Spider:4 |    9410 |   22401 |  70.4 |      24 |      48 |  66.7
      Orc:1 |    3677 |    1158 |  24.0 |      26 |       3 |  10.3
      Orc:2 |    3826 |   14035 |  78.6 |      49 |      36 |  42.4
   Vaults:1 |   21238 |   15170 |  41.7 |      28 |      22 |  44.0
   Vaults:2 |   24374 |   29441 |  54.7 |      33 |      36 |  52.2
   Vaults:3 |   24501 |   30158 |  55.2 |      35 |      55 |  61.1
   Vaults:4 |   25393 |    9895 |  28.0 |      38 |      11 |  22.4
   Vaults:5 |    8714 |  115352 |  93.0 |       9 |      93 |  91.2
   Depths:1 |   26803 |       0 |   0.0 |      30 |       0 |   0.0
   Depths:2 |   13484 |   85136 |  86.3 |       9 |      70 |  88.6
   Depths:3 |   39224 |    9587 |  19.6 |      48 |      13 |  21.3
   Depths:4 |   52243 |   20046 |  27.7 |      62 |      17 |  21.5
      Zot:1 |   35362 |   11998 |  25.3 |      30 |      11 |  26.8
      Zot:2 |   67555 |    4614 |   6.4 |      53 |       2 |   3.6
      Zot:3 |   32339 |    4417 |  12.0 |      29 |       2 |   6.5
     WizLab |       0 |   19669 | 100.0 |       0 |      23 | 100.0
            +---------+---------+-------+---------+---------+-------
